 Dungeon Crawl Stone Soup version 0.31-a0-1009-g454b1f1e0a (webtiles) character file.

Game seed: 9318869424672347638

1748361 EnegeticOcto the Nimble (level 24, 142/155 HPs)
             Began as a Felid Chaos Knight on Nov 13, 2023.
             Was a Favourite Plaything of Xom.
             Escaped with the Orb
             ... and 3 runes on Nov 14, 2023!
             The game lasted 02:10:59 (58930 turns).

EnegeticOcto the Nimble (Felid Chaos Knight)       Turns: 58930, Time: 02:10:59

Health: 142/155    AC: 25    Str:  9    XL:     24   Next: 51%
Magic:  30/34      EV: 36    Int: 27    God:    Xom [...*..]
Gold:   3648       SH:  0    Dex: 28    Spells: 29/52 levels left
                                        Lives:  2   Deaths: 3

rFire   + .          .
                       - Unarmed
rCold   + . .        (shield unavailable)
rNeg    + + .        (body armour unavailable)
rPois   ∞            (helmet unavailable)
rElec   +            (cloak unavailable)
rCorr   .            (gloves unavailable)
SInv    +            (boots unavailable)
Will    ++++.        U - amulet "Igoef" {Regen+ Dex+3}
Stlth   +++          F - ring of protection from fire
HPRegen 2.05/turn    b - ring of Gushu {rC+ rN+ Str+3 Int+4}
MPRegen 0.24/turn

%: random rage (3%)
@: statue-form, studying 2 skills, very slow
A: slow and powerful, torment resistance 1, boosted hp, very small, claws 1,
fangs 3, see invisible, (speed 1), (shaggy fur 3), stealthy paws, no weapons or
thrown items, no armour, multi-lived, (iridescent scales 1), thin skeletal
structure 1, berserk 1, clever 2, low MP 2, strong-willed 1, poison resistance,
regeneration 1, robust 2, inability to drink after injury 1, MP-powered wands,
devolution 1
0: Orb of Zot
}: 3/15 runes: serpentine, barnacled, silver
a: Begin Untransformation, Renounce Religion


You escaped.
You worshipped Xom.
You were a favourite toy of Xom.
You were a living statue of rough stone.
You visited 9 branches of the dungeon, and saw 47 of its levels.
You visited 1 bazaar.

You collected 8159 gold pieces.
You spent 4511 gold pieces at shops.

Inventory:

Jewellery
 b - the ring of Gushu (right paw) {rC+ rN+ Str+3 Int+4}
   (You found it on level 1 of the Snake Pit)

   [ring of positive energy]

   Str+3:     It affects your strength (+3).
   Int+4:     It affects your intelligence (+4).
   rC+:       It protects you from cold.
   rN+:       It protects you from negative energy.
 d - a ring of willpower
   (You found it on level 1 of the Dungeon)
 k - a +4 ring of protection
   (You found it on level 5 of the Dungeon)
 D - a ring of resist corrosion
   (You found it on level 4 of the Snake Pit)
 F - a ring of protection from fire (left paw)
   (You found it on level 3 of the Depths)
 Q - a ring of flight
   (You found it on level 3 of the Depths)
 U - the amulet "Igoef" (around neck) {Regen+ Dex+3}
   (You found it on level 1 of the Snake Pit)

   [amulet of regeneration]

   Dex+3:     It affects your dexterity (+3).
   Regen+:    It increases your rate of health regeneration.
 Z - the amulet "Daepn" {RegenMP rPois rF+ Str+3}
   (You found it on level 3 of the Elven Halls)

   [amulet of magic regeneration]

   RegenMP:   It increases your rate of magic regeneration.
   Str+3:     It affects your strength (+3).
   rF+:       It protects you from fire.
   rPois:     It protects you from poison
Talismans
 O - a granite talisman (active)
   (You found it on level 4 of the Lair of Beasts)
Wands
 i - a wand of flame (93) {@v4}
   (You took it off Ijyb on level 4 of the Dungeon)
 s - a wand of polymorph (25)
   (You found it on level 5 of the Dungeon)
 u - a wand of paralysis (41)
   (You took it off an orc on level 5 of the Dungeon)
 v - a wand of light (40) {@v1}
   (You took it off Pikel on level 5 of the Dungeon)
 x - a wand of mindburst (4)
   (You found it on level 6 of the Dungeon)
 y - a wand of roots (71) {@v2}
   (You found it on level 6 of the Dungeon)
 G - a wand of digging (20) {@v3}
   (You found it on level 8 of the Dungeon)
Scrolls
 a - a scroll of butterflies
 c - 5 scrolls of revelation {@r5 !r}
 g - 11 scrolls of fog {!r}
 j - 9 scrolls of amnesia
 l - 23 scrolls of teleportation {@r3 !r}
 n - 3 scrolls of summoning
 o - 9 scrolls of blinking {@r4}
 B - 6 scrolls of poison
 E - 5 scrolls of fear {!r}
 K - 8 scrolls of immolation
 L - 5 scrolls of silence {!r}
 N - 6 scrolls of vulnerability
 V - 2 scrolls of torment
Potions
 e - 4 potions of resistance
 f - 7 potions of attraction
 h - 8 potions of mutation
 m - 21 potions of curing {@q1 !q}
 p - 11 potions of brilliance
 q - 9 potions of heal wounds {@q2 !q}
 r - 16 potions of might {@q3 !q}
 t - 4 potions of berserk rage
 w - 3 potions of magic
 A - 11 potions of ambrosia
 C - 3 potions of enlightenment
 M - 4 potions of lignification {@q6}
 P - a potion of haste {@q4 !q}
 W - a potion of invisibility
 X - a potion of cancellation
Miscellaneous
 z - a sack of spiders
   (Xom gifted it to you on level 6 of the Dungeon)
 H - a phial of floods
   (You found it on level 8 of the Dungeon)
 I - a lightning rod (4/4)
   (You found it on level 8 of the Dungeon)
 S - a phantom mirror
   (You found it on level 1 of the Snake Pit)
 T - a tin of tremorstones (2/2)
   (You found it on level 1 of the Snake Pit)


   Skills:
 - Level 14.9 Fighting
 - Level 14.9 Dodging
 - Level 14.9 Stealth
 - Level 14.9 Unarmed Combat
 - Level 14.9 Spellcasting
 - Level 14.9 Conjurations
 - Level 14.9 Translocations
 - Level 14.9 Transmutations
 + Level 14.8 Ice Magic
 + Level 13.5 Air Magic
 - Level 14.9 Evocations
 - Level 14.9 Shapeshifting


You had 29 spell levels left.
You knew the following spells:

 Your Spells              Type           Power      Damage    Failure   Level
a - Apportation           Tloc           100%       N/A       0%          1
b - Manifold Assault      Tloc           79%        N/A       1%          4
c - Ozocubu's Armour      Ice            79%        N/A       1%          3
d - Vhi's Electric Charg  Tloc/Air       100%       N/A       1%          4
e - Wereblood             Tmut           79%        N/A       0%          2
f - Lesser Beckoning      Tloc           100%       N/A       0%          2
z - Irradiate             Conj/Tmut      39%        3d24      1%          5
Y - Blink                 Tloc           100%       N/A       0%          2

Your spell library contained the following spells:

 Spells                   Type           Power      Damage    Failure   Level
 Freeze                   Ice            100%       1d10      0%          1
 Magic Dart               Conj           100%       1d8       0%          1
 Shock                    Conj/Air       100%       1d9       0%          1
 Momentum Strike          Conj/Tloc      100%       3d10      0%          2
 Foxfire                  Conj/Fire      100%       2x1d9     1%          1
 Kiss of Death            Conj/Necr      100%       2d13      1%          1
 Sting                    Tmut/Pois      100%       1d8       1%          1
 Cigotuvi's Dreadful Rot  Necr/Pois/Air  88%        N/A       1%          2
 Poisonous Vapours        Pois/Air       100%       N/A       1%          2
 Dazzling Flash           Conj/Hex       100%       N/A       1%          3
 Frozen Ramparts          Ice            100%       1d16      1%          3
 Hailstorm                Conj/Ice       79%        3d16      1%          3
 Ignite Poison            Fire/Tmut/Pois 46%        N/A       1%          3
 Mephitic Cloud           Conj/Pois/Air  63%        N/A       1%          3
 Stone Arrow              Conj/Erth      100%       3d13      1%          3
 Brom's Barrelling Bould  Conj/Erth      57%        2d7       1%          4
 Flame Wave               Conj/Fire      57%        2d14      1%          4
 Iskenderun's Mystic Bla  Conj/Tloc      79%        2d16      1%          4
 Petrify                  Tmut/Erth      57%        N/A       1%          4
 Sticky Flame             Conj/Fire      57%        2d7       1%          4
 Summon Ice Beast         Ice/Summ       56%        N/A       1%          4
 Summon Lightning Spire   Summ/Air       54%        N/A       1%          4
 Arcjolt                  Conj/Air       38%        1d48      1%          5
 Iskenderun's Battlesphe  Conj           79%        2d13      1%          5
 Conjure Ball Lightning   Conj/Air       38%        3x3d12    1%          6
 Dispersal                Tloc           39%        N/A       1%          6
 Sandblast                Erth           40%        2d10      2%          1
 Alistair's Intoxication  Tmut/Pois      38%        N/A       3%          5
 Fireball                 Conj/Fire      28%        3d12      3%          5
 Metabolic Englaciation   Hex/Ice        28%        N/A       3%          5
 Summon Forest            Summ/Tloc      28%        N/A       3%          5
 Yara's Violent Unravell  Hex/Tmut       28%        3d12      3%          5
 Call Imp                 Summ           40%        N/A       4%          2
 Jinxbite                 Hex            40%        N/A       4%          2
 Scorch                   Fire           40%        2d6       4%          2
 Silence                  Hex/Air        27%        N/A       4%          5
 Orb of Destruction       Conj           39%        9d11      4%          7
 Confusing Touch          Hex            20%        N/A       8%          3
 Inner Flame              Hex/Fire       20%        N/A       8%          3
 Tukima's Dance           Hex            20%        N/A       8%          3
 Bombard                  Conj/Erth      28%        9d5       19%         6
 Simulacrum               Ice/Necr       28%        N/A       19%         6
 Starburst                Conj/Fire      28%        6d9       19%         6
 Anguish                  Hex/Necr       10%        N/A       26%         4
 Animate Dead             Necr           20%        N/A       26%         4
 Dispel Undead            Necr           20%        3d11      26%         4
 Leda's Liquefaction      Hex/Erth       10%        N/A       26%         4
 Olgreb's Toxic Radiance  Pois           20%        N/A       26%         4
 Disjunction              Tloc           39%        N/A       36%         8
 Maxwell's Capacitive Co  Air            37%        ∞         54%         8
 Agony                    Necr           20%        N/A       58%         5
 Borgnjor's Vile Clutch   Necr/Erth      10%        N/A       58%         5
 Lee's Rapid Deconstruct  Erth           10%        3d8*      58%         5
 Summon Mana Viper        Hex/Summ       20%        N/A       58%         5
 Spellforged Servitor     Conj/Summ      28%        N/A       71%         7
 Death Channel            Necr           10%        N/A       99%         6
 Summon Cactus Giant      Summ           10%        N/A       99%         6
 Enfeeble                 Hex            10%        N/A       100%        7
 Haunt                    Necr/Summ      10%        N/A       100%        7
 Summon Hydra             Summ           10%        N/A       100%        7
 Discord                  Hex            10%        N/A       100%        8
 Infestation              Necr           10%        N/A       100%        8
 Lehudib's Crystal Spear  Conj/Erth      28%        10d8      100%        8
 Dimensional Bullseye     Hex/Tloc       Unusable   N/A       N/A         4
 Sublimation of Blood     Necr           Unusable   N/A       N/A         2
 Animate Armour           Summ/Erth      Unusable   N/A       N/A         4

Dungeon Overview and Level Annotations

Branches:
Dungeon (15/15)            Temple (0/1) D:5            Lair (5/5) D:9
 Shoals (4/4) Lair:3        Snake (4/4) Lair:3        Slime (0/5) Lair:4
    Orc (2/2) D:12            Elf (3/3) Orc:2        Vaults (5/5) D:13
  Crypt (0/3) Vaults:3     Depths (4/4) D:15            Zot (5/5) Depths:4

Altars:
Ashenzari
Fedhas
Hepliaklqana
Uskayaw
Xom
Yredelemnul
Jiyva

Shops:
D:1 ?   Orc:1 *[   Orc:2 ((((   Elf:2 :=:   Elf:3 :   Shoals:2 :
Snake:1 *[?((   Snake:2 [   Vaults:3 ?[*   Vaults:4 =

Portals:
Hell: Depths:1 Depths:2 Depths:3 Depths:4
Abyss: Depths:2 Depths:3
Pandemonium: Depths:2
Ziggurat: Depths:1

Annotations:
Depths:1 4 transporters, exclusions: angel, 2 daevas and 1 more exclusion
Depths:2 exclusions: daeva, downstairs and 2 more exclusions
Zot:5 exclusions: door and 1 more exclusion


Innate Abilities, Weirdness & Mutations

You are a living statue of rough stone.
Your actions are slow, but your melee attacks are powerful.
You are resistant to unholy torment.
Your maximum health is increased.
You are immune to poison.
You have sharp claws.
You have razor-sharp teeth.
You have supernaturally acute eyesight. (SInv)
((You cover ground quickly. (Speed+)))
((Your thick and shaggy fur keeps you warm. (AC +3, rC+)))
Your paws help you pounce on unaware monsters.
You are incapable of wielding weapons or throwing items.
You cannot wear armour.
You gain extra lives every three experience levels.
((You are partially covered in iridescent scales. (AC +2)))
You have a somewhat thin skeletal structure. (Dex +2, Stealth+)
You sometimes lose your temper in combat.
Your mind is very acute. (Int +8, Str/Dex -2)
Your magical capacity is very low. (-20% MP)
You are strong-willed. (Will+)
Your system is resistant to poisons. (rPois)
Your natural rate of healing is unusually fast.
You are very robust. (+20% HP)
You occasionally lose the ability to drink potions when taking damage.
You expend magic power (3 MP) to strengthen your wands.
You have hidden genetic defects.


Message History

You see here a +0 dagger.
Magic restored.
There is a stone staircase leading up here.
You climb upwards.
There is a stone staircase leading down here.
Things that are here:
a +0 robe; a +0 dagger
Things that are here:
a +0 robe; a +0 dagger
There is a stone staircase leading up, spattered with blood here.
Items here: ))) [[.
You climb upwards.
There is a stone staircase leading down here.
There is an open door here.
There is an open door here.
There is a stone staircase leading up here.
You climb upwards.
There is a stone staircase leading down here.
There is an open door here.
There is a stone staircase leading up here.
You climb upwards.
There is a stone staircase leading down, spattered with blood here.
You see here a +0 war axe.
You see here a +0 dagger.
Koefro comes into view.
Unknown command.
Unknown command.
Unknown command.
Press: ? - help, v - describe, . - travel
Here: Koefro The floor.
Aiming: Fastroot
Press: ? - help, Shift-Dir - straight line, f - Koefro
Aim: Koefro You feel a surge of power!
The roots erupt in riotous growth!
Roots grab Koefro.
The grasping roots constrict Koefro!
Charge where?
Press: ? - help, Q - select action, (/) - cycle Dir - move target, f/p - Koefro
Aim: Koefro (lightly wounded, constricted by roots, 97% to hit)
You charge forward with an electric crackle!
A small abomination comes into view.
You eviscerate Koefro!!!
Koefro is moderately wounded.
The grasping roots constrict Koefro!!
Koefro gestures at you.
The bolt of dispelling energy misses you.
You scratch Koefro but do no damage. You bite Koefro.
Koefro is heavily wounded.
The grasping roots constrict Koefro!!
Xom titters.
You are confused.
You are now a favourite toy of Xom.
Koefro completely misses you.
You are too confused!
Really quaff
m - 22 potions of curing {@q1 !q}?
You feel better.
The grasping roots constrict Koefro!!!
The roots release their grip on Koefro.
Koefro kicks you but does no damage. Koefro gestures at you.
The bolt of dispelling energy misses you.
The small abomination closely misses you.
You completely miss Koefro.
Koefro is almost dead.
Koefro kicks you!!
The small abomination completely misses you.
Casting: Vhi's Electric Charge (safe; 1% risk of failure)
Confirm with . or Enter, or press ? or * to list all spells.
You erupt in a fountain of uncontrolled magic!
The small abomination is blasted with magical radiation!!
The small abomination is almost destroyed.
Koefro is blasted with magical radiation!!!
You kill Koefro!
You are very lightly contaminated with residual magic.
The small abomination misses you.
Your tin of tremorstones (2/2) has regained one charge.
You completely miss the small abomination.
You bite the small abomination.
The small abomination is almost destroyed.
The small abomination closely misses you.
You claw the small abomination!
You destroy the small abomination!
(D) Dungeon (T) Temple (L) Lair (A) Shoals (P) Snake Pit (M) Slime Pits (O) Orcish Mines (E) Elven Halls (V) Vaults (C) Crypt (U) Depths (H) Hell (Z) Zot
Where to? (Tab/Enter - D:1 @ (x,y), ? - help)
You climb upwards.
There is a stone staircase leading down here.
HP restored.
A balrug and 2 sun demons come into view.
The balrug is wielding a +1 demon whip of draining.
Unknown command.
Your magical contamination has completely faded away.
There is a staircase leading out of the dungeon here.
The sun demon hits you.
You are engulfed in flames!
You resist. The sun demon closely misses you. The balrug gestures at you.
The bolt of fire hits the sun demon.
The sun demon completely resists.
The bolt of fire misses you. The sun demon completely misses you.
You have escaped!

.########....#8.<.8#
#.##.......#
.............#.....#
#.###...)...
......###....#.....# #>#
#.###### ......#
#....#.....###.# #.# ......#
#.##.#8.>.8##..# #.# ......#
#..#.##...###.## #.#
.....#####.#.#8...8##.# #.#
........##.......3....# ##.#
....#.#.##.#....83....# #..#
........#..#.......2..# #.##
..#.#.#.#..###8...8#.####.###
..#.....#..#########.#......#
.....................2......#
#..#####.#.#######.###......#
.....##..#.### #...# #......#
......^......###.########.###
.......###.#...........##.##
##


You could see a balrug and 2 sun demons.

Vanquished Creatures
  2 dread liches (Vaults:5)
  An orb of fire (Zot:4)
  Mara (Elf:3)
  2 pandemonium lords
  Bai Suzhen (Shoals:3)
  2 curse toes
  Saint Roka (Elf:3)
  7 caustic shrikes
  4 golden dragons
  Nikola (Snake:4)
  2 doom hounds (Depths:2)
  Rupert (D:14)
  8 tentacled monstrosities
  3 Orb Guardians
  Grunn (Depths:2)
  A deep elf blademaster (Elf:3)
  Asterion (Snake:4)
  A titan (Vaults:5)
  A quicksilver dragon (Zot:1)
  10 sphinxes
  A deep elf master archer (Elf:3)
  Polyphemus (Shoals:4)
  5 death cobs
  An Executioner (D:11)
  An ancient champion (Vaults:3)
  Roxanne (Elf:1)
  5 tengu reavers
  9 storm dragons
  9 nagarajas
  7 shadow dragons (Vaults:5)
  2 draconian knights (Depths:4)
  Donald (Snake:2)
  8 fire giants
  4 draconian monks
  Louise (Shoals:4)
  A draconian shifter (Zot:2)
  9 frost giants
  20 vault wardens
  8 deep elf sorcerers (Elf:3)
  2 iron dragons (Depths:4)
  2 cacodemons
  8 deep elf elementalists (Elf:3)
  11 ironbound preservers
  A war gargoyle (Vaults:5)
  7 ironbound thunderhulks
  17 stone giants
  A spriggan defender (Depths:2)
  2 draconian stormcallers
  A draconian annihilator (Zot:2)
  22 very ugly things
  2 demonspawn blood saints
  A vampire knight (Depths:1)
  3 formless jellyfish
  6 green draconians
  9 deep elf demonologists
  5 black draconians
  2 white draconians
  11 spark wasps
  4 red draconians
  4 purple draconians
  10 deep elf annihilators (Elf:3)
  6 dire elephants
  2 blizzard demons
  5 yellow draconians
  20 ettins
  8 deep elf death magi
  3 merfolk javelineers
  A green death (Depths:2)
  11 yaktaur captains
  A jiangshi (Vaults:3)
  10 merfolk impalers
  11 fire dragons
  9 great orbs of eyes
  4 deep elf high priests (Elf:3)
  32 vault guards
  2 salamander tyrants
  2 ogre magi
  6 ice dragons
  2 rakshasas
  5 hydras
  2 catoblepae
  10 boulder beetles
  3 spriggan air magi
  8 anacondas
  A satyr (Shoals:3)
  Erica (Lair:2)
  3 tengu warriors
  5 alligator snapping turtles
  34 dancing weapons
  6 merfolk aquamancers
  5 merfolk avatars
  A two-headed ogre (D:8)
  11 ironbound frosthearts
  11 naga warriors
  11 centaur warriors
  9 shock serpents
  2 vampire magi (Depths:2)
  4 deep troll earth magi
  2 occultists
  10 deep troll shamans
  5 orc high priests
  13 death yaks
  The ghost of BinkBink the Martial Artist, a novice OpSh of Qazlal (D:9)
  4 soul eaters
  4 spriggan berserkers
  11 naga sharpshooters
  27 deep elf knights
  17 hell knights
  A sun demon (Depths:2)
  A shadow wraith (Vaults:5)
  2 flayed ghosts
  4 glowing orange brains
  3 iron trolls
  5 skysharks
  6 salamander mystics (Snake:4)
  13 sea snakes
  A spriggan druid (Depths:3)
  A storm dragon skeleton (Vaults:4)
  31 deep trolls
  2 cherubim (Elf:3)
  An obsidian statue (Depths:2)
  15 deep elf archers
  16 naga ritualists
  5 arcanists
  Pikel (D:5)
  6 phantasmal warriors
  18 ironbound convokers
  12 lindwurms
  A glowing orange brain (shapeshifter) (Vaults:5)
  An orc sorcerer (Orc:2)
  33 deep elf pyromancers
  9 necromancers
  3 orc knights
  14 harpies
  11 mana vipers
  6 cyclopes
  42 deep elf zephyrmancers
  33 ugly things
  A stone giant zombie (Vaults:4)
  A shining eye (Lair:2)
  13 manticores
  10 fauns
  9 moths of wrath
  5 salamanders
  10 elephants
  6 merfolk sirens
  A guardian serpent (Snake:1)
  18 vault sentinels
  Joseph (D:7)
  2 water nymphs
  5 torpor snails (Lair:5)
  25 naga magi
  A water nymph (shapeshifter) (Vaults:5)
  2 smoke demons (D:8)
  A stone giant skeleton (Vaults:4)
  2 rust devils (Depths:2)
  An orange demon (Depths:2)
  25 black mambas
  13 cane toads
  An unseen horror (D:10)
  6 rime drakes
  2 efreet
  A yaktaur (shapeshifter) (Depths:1)
  A hellion (D:6)
  A kobold demonologist (D:13)
  A freezing wraith (Vaults:5)
  10 komodo dragons
  36 yaktaurs
  2 tengu conjurers (Depths:3)
  2 tormentors (Depths:2)
  A red devil (Depths:2)
  A hellwing (D:8)
  31 merfolk
  3 meliai (D:12)
  8 polar bears
  3 tyrant leeches (Lair:5)
  A queen bee (D:12)
  9 trolls
  A merfolk (shapeshifter) (D:14)
  A blink frog (shapeshifter) (Elf:1)
  21 blink frogs
  14 hornets
  Prince Ribbit (D:6)
  4 wind drakes
  9 dream sheep
  A tarantella (shapeshifter) (Vaults:5)
  A glass eye (Depths:4)
  14 snapping turtles
  4 air elementals
  A culicivora (shapeshifter) (Vaults:5)
  13 slime creatures
  2 shadows
  16 water elementals
  9 spriggans
  4 wraiths
  A culicivora (Lair:2)
  2 vampires
  2 ynoxinuls
  A hog (shapeshifter) (Vaults:5)
  32 yaks
  5 wyverns
  A fire bat (shapeshifter) (Vaults:5)
  6 vampire mosquitoes
  6 basilisks
  A redback (Snake:3)
  A steam dragon (D:9)
  Menkaure (D:4)
  26 nagas
  A swamp worm (shapeshifter) (Elf:3)
  3 acid dragons
  4 wargs
  15 water moccasins
  Duvessa (D:6)
  A small abomination (D:2)
  A black bear (D:9)
  26 orc warriors
  7 wolves
  11 ogres
  2 phantoms
  7 centaurs
  A kobold brigand (D:7)
  11 bullfrogs
  A human skeleton (Vaults:4)
  3 earth elementals
  4 scorpions
  13 wights
  Dowan (D:6)
  26 killer bees
  2 howler monkeys
  6 hounds
  7 jellies
  29 orc priests
  A sleepcap (D:6)
  5 iguanas
  Ijyb (D:4)
  10 hell rats
  32 orc wizards
  Robin (D:4)
  10 adders
  2 shadow imps
  3 white imps
  2 ufetubi
  2 worms
  4 dart slugs
  80 orcs
  8 ball pythons
  13 endoplasms
  3 giant cockroaches
  20 goblins
  9 hobgoblins
  7 jackals
  14 kobolds
  5 quokkas
  8 bats
  A frilled lizard (D:1)
  3 rats
1834 creatures vanquished.

Vanquished Creatures (collateral kills)
  A doom hound (Depths:2)
  Zenata (Elf:3)
  A tengu reaver (Vaults:5)
  A draconian shifter (Zot:2)
  A stone giant (Depths:2)
  A spark wasp (Depths:3)
  A vault guard (Vaults:5)
  A rakshasa (Depths:2)
  A merfolk avatar (Shoals:4)
  A tengu warrior (D:14)
  A naga sharpshooter (Snake:2)
  An orc high priest (Orc:1)
  A sea snake (Shoals:3)
  A skyshark (Lair:3)
  A deep troll (Vaults:1)
  An orc knight (Orc:1)
  A deep elf zephyrmancer (Elf:1)
  A mana viper (Snake:1)
  3 lindwurms (D:8)
  An orc sorcerer (Orc:1)
  A faun (Shoals:2)
  An elephant (Lair:1)
  2 black mambas
  A torpor snail (Lair:1)
  A tengu conjurer (D:14)
  A troll (Lair:3)
  2 merfolk (Shoals:3)
  A raiju (Snake:2)
  A snapping turtle (Shoals:1)
  7 dream sheep
  A yak (D:11)
  2 nagas
  4 orc warriors
  A water moccasin (Lair:3)
  A kobold brigand (D:8)
  3 orc priests
  3 orc wizards
  A dart slug (D:11)
  7 orcs
  2 kobolds (D:8)
65 creatures vanquished.

Vanquished Creatures (others)
  A sphinx (Vaults:5)
  A draconian monk (Zot:5)
  A deep elf elementalist (Elf:3)
  An ironbound preserver (Vaults:1)
  3 dancing weapons
  A spriggan berserker (Depths:3)
  A naga sharpshooter (Snake:3)
  2 deep elf knights (Elf:1)
  A sixfirhy (Depths:2)
  A deep troll (Vaults:1)
  A mana viper (Snake:4)
  2 deep elf zephyrmancers
  A merfolk (Shoals:4)
  3 yaks (D:9)
20 creatures vanquished.

Grand Total: 1919 creatures vanquished

Notes
Turn   | Place    | Note
-------+----------+-------------------------------------------
     0 | D:1      | EnegeticOcto the Felid Chaos Knight began the quest for the
                  | Orb.
     0 | D:1      | Reached XP level 1. HP: 10/10 MP: 2/2
    96 | D:1      | XOM: potion effect (brilliance)
    98 | D:1      | Reached skill level 1 in Stealth
   142 | D:1      | XOM: blink monster(s)
   146 | D:1      | Reached skill level 2 in Stealth
   257 | D:1      | Reached XP level 2. HP: 14/14 MP: 3/3
   340 | D:1      | Reached skill level 3 in Stealth
   387 | D:1      | Found a faded altar of an unknown god.
   395 | D:1      | Found Binn's Magic Scroll Emporium.
   545 | D:1      | XOM: confusion
   762 | D:1      | Reached XP level 3. HP: 17/17 MP: 4/4
  1185 | D:2      | XOM: cloud trail
  1215 | D:1      | Bought a scroll of teleportation for 42 gold pieces
  1388 | D:2      | XOM is BORED!
  1388 | D:2      | XOM: polymorph rat -> adder
  1394 | D:2      | Reached skill level 4 in Unarmed Combat
  1423 | D:2      | XOM: 2-stop teleportation journey
  1667 | D:2      | Reached XP level 4. HP: 12/21 MP: 5/5
  1686 | D:2      | XOM: god gift: 11 gold pieces
  1907 | D:2      | XOM: give mutation
  1907 | D:2      | Gained mutation: You have very sharp fingernails. [Xom's
                  | grace]
  2156 | D:3      | a hound changed into a shapeshifter
  2156 | D:3      | Noticed a shapeshifter (shapeshifter)
  2156 | D:3      | XOM: polymorph hound -> shapeshifter
  2156 | D:3      | a shapeshifter changed into a yaktaur
  2156 | D:3      | Noticed a yaktaur (shapeshifter)
  2252 | D:3      | Noticed a guardian serpent
  2295 | D:3      | Reached skill level 5 in Unarmed Combat
  2324 | D:3      | HP: 1/21 [orc/+0 war axe (10)]
  2506 | D:3      | XOM: smoke on damage
  2573 | D:3      | Noticed a meliai
  2639 | D:3      | XOM: divination: detect creatures
  2781 | D:1      | Bought a scroll of blinking for 105 gold pieces
  2781 | D:1      | Bought a scroll of identify for 28 gold pieces
  2814 | D:2      | XOM: god gift: black potion {god gift}
  2861 | D:4      | Noticed Menkaure
  2861 | D:4      | Noticed Ijyb
  3039 | D:4      | Reached XP level 5. HP: 24/24 MP: 6/6
  3041 | D:4      | XOM: butterfly on damage
  3062 | D:4      | XOM: give mutations
  3062 | D:4      | Gained mutation: You expend magic power (3 MP) to
                  | strengthen your wands. [Xom's mischief]
  3062 | D:4      | Gained mutation: You have an increased reservoir of magic.
                  | (+10% MP) [Xom's mischief]
  3062 | D:4      | Gained mutation: You occasionally lose the ability to read
                  | scrolls when taking damage. [Xom's mischief]
  3159 | D:4      | XOM: potion effect (attraction)
  3168 | D:4      | Killed Menkaure
  3169 | D:4      | Reached skill level 5 in Dodging
  3169 | D:4      | Gained mutation: You are covered in thick fur. (AC +2)
                  | [Felid growth]
  3169 | D:4      | Reached XP level 6. HP: 23/28 MP: 7/7
  3262 | D:4      | Killed Ijyb
  3418 | D:4      | Noticed Robin
  3730 | D:4      | Reached skill level 6 in Dodging
  3792 | D:4      | Reached skill level 4 in Fighting
  3796 | D:4      | XOM: god gift: 52 gold pieces
  3831 | D:4      | Noticed a water moccasin
  3866 | D:4      | XOM: scenery: summon butterflies
  3868 | D:4      | XOM: blink monster(s)
  3878 | D:4      | XOM: destruction
  3895 | D:3      | Noticed a culicivora
  4006 | D:4      | Killed Robin
  4337 | D:4      | XOM: 6-stop teleportation journey
  4608 | D:5      | Entered Level 5 of the Dungeon
  4752 | D:5      | Reached XP level 7. HP: 32/33 MP: 8/8
  4765 | D:5      | Reached skill level 5 in Fighting
  4832 | D:5      | Noticed Pikel
  4872 | D:5      | XOM: cleaving
  4885 | D:5      | XOM: noise
  5075 | D:5      | XOM: enchant monster (bad)
  5095 | D:5      | Reached skill level 1 in Evocations
  5129 | D:5      | Reached skill level 2 in Evocations
  5156 | D:5      | Reached skill level 6 in Unarmed Combat
  5245 | D:5      | Found a staircase to the Ecumenical Temple.
  5385 | D:5      | Noticed a troll
  5390 | D:5      | Killed a troll
  5391 | D:5      | Reached skill level 3 in Evocations
  5391 | D:5      | Reached XP level 8. HP: 37/37 MP: 5/9
  5455 | D:5      | Reached skill level 4 in Evocations
  5465 | D:5      | XOM: noise
  5543 | D:5      | Reached skill level 7 in Unarmed Combat
  5551 | D:5      | XOM: scenery: summon butterflies
  5599 | D:5      | Killed Pikel
  5600 | D:5      | Reached skill level 8 in Unarmed Combat
  6203 | D:1      | Bought 2 scrolls of teleportation for 84 gold pieces
  6203 | D:1      | Bought a scroll of identify for 28 gold pieces
  6203 | D:1      | Bought a scroll of identify for 28 gold pieces
  6322 | D:5      | Reached skill level 7 in Dodging
  6346 | D:5      | XOM: cloud trail
  6709 | D:6      | XOM: potion effect (attraction)
  6773 | D:6      | Reached XP level 9. HP: 41/41 MP: 0/10
  6882 | D:6      | Noticed Prince Ribbit
  6886 | D:6      | XOM: confuse monster(s)
  6891 | D:6      | Killed Prince Ribbit
  6892 | D:6      | Reached skill level 6 in Fighting
  6905 | D:6      | Reached skill level 5 in Evocations
  6932 | D:6      | Noticed Duvessa
  6935 | D:6      | Noticed Dowan
  6937 | D:6      | Killed Duvessa
  6942 | D:6      | Killed Dowan
  6974 | D:6      | XOM: silly message
  7029 | D:6      | XOM: god gift: sack of spiders
  7085 | D:6      | XOM: noise
  7104 | D:6      | Found a hazy altar of Hepliaklqana.
  7138 | D:6      | XOM: divination: magic mapping
  7353 | D:6      | XOM: 4-stop teleportation journey
  7417 | D:6      | XOM is BORED!
  7417 | D:6      | XOM: enchant monster (bad)
  7542 | D:7      | XOM: draining
  7554 | D:7      | Reached skill level 8 in Dodging
  7559 | D:7      | Reached skill level 9 in Unarmed Combat
  7609 | D:7      | XOM: enchant monster (bad)
  7674 | D:7      | XOM: divination: magic mapping
  7687 | D:7      | XOM: enchant monster (bad)
  7701 | D:7      | Reached skill level 6 in Evocations
  7806 | D:7      | Noticed Joseph
  7816 | D:7      | Killed Joseph
  7817 | D:7      | Reached skill level 7 in Fighting
  8164 | D:7      | XOM: 2-stop teleportation journey
  8414 | D:8      | XOM: cloud trail
  8674 | D:7      | XOM is BORED!
  8674 | D:7      | XOM: summons 2 hostile shadow creatures
  8775 | D:8      | Reached XP level 10. HP: 43/48 MP: 9/12
  8810 | D:8      | Noticed a two-headed ogre
  8820 | D:8      | Killed a two-headed ogre
  8821 | D:8      | Reached skill level 8 in Fighting
  8821 | D:8      | Reached skill level 10 in Unarmed Combat
  8872 | D:7      | XOM: give mutations
  8872 | D:7      | Gained mutation: You are partially covered in iridescent
                  | scales. (AC +2) [Xom's grace]
  8872 | D:7      | Gained mutation: You are mostly covered in iridescent
                  | scales. (AC +4) [Xom's grace]
  8872 | D:7      | Gained mutation: You have hidden genetic potential. [Xom's
                  | grace]
  8958 | D:8      | XOM: summons 9 friendly demons
  8970 | D:8      | Noticed a lindwurm
  8970 | D:8      | Noticed a lindwurm
  8971 | D:8      | Noticed a lindwurm
  8972 | D:8      | Noticed a lindwurm
  8975 | D:8      | Killed a lindwurm
  8976 | D:8      | Reached skill level 9 in Dodging
  8979 | D:8      | Killed a lindwurm
  8980 | D:8      | Killed a lindwurm
  8981 | D:8      | Reached skill level 9 in Fighting
  8993 | D:8      | Killed a lindwurm
  9003 | D:7      | XOM: divination: detect creatures
  9189 | D:8      | XOM: god gift: wand of paralysis (5)
  9204 | D:8      | XOM: cast spell 'Summon Horrible Things'
  9219 | D:8      | Reached skill level 10 in Dodging
  9261 | D:8      | Found a basalt altar of Yredelemnul.
  9409 | D:8      | XOM: divination: detect items
  9637 | D:9      | XOM: divination: detect items
  9650 | D:9      | Noticed a death yak
  9659 | D:9      | XOM: summons friendly quasit
  9806 | D:9      | XOM: scenery: 1 doors close
  9848 | D:9      | Noticed a death yak
  9848 | D:9      | Noticed a death yak
  9861 | D:9      | Killed a death yak
  9862 | D:9      | Reached skill level 11 in Unarmed Combat
  9862 | D:9      | Reached XP level 11. HP: 52/54 MP: 13/13
  9996 | D:9      | Found a runed translucent door.
 10126 | D:9      | XOM: divine lightning
 10142 | D:9      | Gained mutation: You are robust. (+10% HP) [hidden
                  | potential]
 10252 | D:9      | Noticed a death yak
 10252 | D:9      | XOM: 10-stop teleportation journey
 10291 | D:9      | XOM: scenery: summon butterflies
 10318 | D:9      | XOM: divine lightning
 10319 | D:9      | Killed a death yak
 10345 | D:9      | Noticed a death yak
 10351 | D:9      | Killed a death yak
 10351 | D:9      | Killed a death yak
 10352 | D:9      | Reached skill level 10 in Fighting
 10352 | D:9      | Reached skill level 11 in Dodging
 10354 | D:9      | Killed a death yak
 10411 | D:9      | Identified the +4 dagger "Hiqetig" {holy, Str+3}
 10416 | D:9      | Found a staircase to the Lair.
 10579 | D:9      | XOM: draining
 10611 | D:9      | Identified the +5 trident "Zoleha" {freeze, rF+ Str+3}
 10614 | D:9      | Noticed BinkBink's ghost (novice OpSh)
 10937 | D:1      | Bought a scroll of immolation for 56 gold pieces
 10937 | D:1      | Bought a scroll of silence for 133 gold pieces
 11121 | D:3      | Found a blossoming altar of Fedhas.
 11348 | D:10     | Entered Level 10 of the Dungeon
 11465 | D:10     | XOM: 1-stop teleportation journey
 11485 | D:10     | Reached skill level 12 in Dodging
 11643 | D:9      | XOM: silly message
 11818 | D:10     | Reached skill level 12 in Unarmed Combat
 11951 | D:10     | XOM: summons 1 hostile demon
 12422 | D:10     | XOM: give mutations
 12422 | D:10     | Lost mutation: You are mostly covered in iridescent scales.
                  | (AC +4) [Xom's mischief]
 12422 | D:10     | Gained mutation: Your body sometimes deteriorates upon
                  | taking damage. [Xom's mischief]
 12422 | D:10     | Lost mutation: You occasionally lose the ability to read
                  | scrolls when taking damage. [Xom's mischief]
 12422 | D:10     | Lost mutation: You expend magic power (3 MP) to strengthen
                  | your wands. [Xom's mischief]
 12591 | Lair:1   | Entered Level 1 of the Lair of Beasts
 12603 | D:9      | Learned a level 2 spell: Blink
 12608 | D:9      | Learned a level 4 spell: Manifold Assault
 12659 | Lair:1   | Reached skill level 1 in Translocations
 12743 | Lair:1   | Reached skill level 4 in Stealth
 12743 | Lair:1   | Reached skill level 2 in Translocations
 12798 | Lair:1   | XOM: give mutations
 12798 | Lair:1   | Lost mutation: You are partially covered in iridescent
                  | scales. (AC +2) [Xom's mischief]
 12798 | Lair:1   | Gained mutation: Your flesh is heat resistant. (rF+) [Xom's
                  | mischief]
 12798 | Lair:1   | Gained mutation: You are very robust. (+20% HP) [Xom's
                  | mischief]
 12798 | Lair:1   | Gained mutation: Your skin changes colour to match your
                  | surroundings (Stealth+). [Xom's mischief]
 12804 | Lair:1   | XOM: summons friendly quasit
 12811 | Lair:1   | XOM: smoke on damage
 12876 | Lair:1   | Slain by a komodo dragon
 12961 | Lair:1   | Reached skill level 3 in Translocations
 12999 | Lair:1   | XOM: summons 3 friendly demons
 13001 | Lair:1   | XOM: butterfly on damage
 13036 | Lair:1   | Reached skill level 5 in Stealth
 13069 | Lair:1   | XOM: cloud trail
 13159 | Lair:1   | XOM: divination: magic mapping
 13274 | Lair:1   | Reached skill level 4 in Translocations
 13285 | Lair:1   | Reached skill level 13 in Dodging
 13285 | Lair:1   | Gained mutation: Your thick and shaggy fur keeps you warm.
                  | (AC +3, rC+) [Felid growth]
 13285 | Lair:1   | Reached XP level 12. HP: 69/69 MP: 14/14
 13468 | Lair:1   | XOM: cloud trail
 13584 | Lair:1   | XOM: summons friendly crimson imp
 13846 | Lair:1   | Reached skill level 6 in Stealth
 13955 | Lair:1   | XOM: divination: detect creatures
 14058 | Lair:1   | Noticed a boulder beetle
 14068 | Lair:1   | Killed a boulder beetle
 14069 | Lair:1   | Reached skill level 5 in Translocations
 14213 | Lair:1   | XOM: noise
 14234 | Lair:1   | XOM: scenery: create altars
 14238 | Lair:1   | XOM: cast spell 'Leda's Liquefaction'
 14389 | Lair:2   | XOM: god gift: staff of cold
 14589 | Lair:2   | XOM: silly message
 14591 | Lair:1   | XOM: divination: magic mapping
 14605 | Lair:1   | XOM: polymorph wolf -> howler monkey
 14749 | Lair:2   | XOM: divination: detect creatures
 14749 | Lair:2   | XOM: butterfly on damage
 14920 | Lair:1   | XOM: enchant monster (good)
 14921 | Lair:1   | XOM: cleaving
 14924 | Lair:1   | XOM: cast spell 'Death Channel'
 14927 | Lair:1   | Reached skill level 7 in Stealth
 14927 | Lair:1   | Reached skill level 6 in Translocations
 14993 | Lair:2   | XOM: fog
 14995 | Lair:1   | XOM: repel stairs
 15002 | Lair:1   | XOM: confusion
 15014 | Lair:1   | Reached skill level 13 in Unarmed Combat
 15138 | Lair:2   | XOM: scenery: create altars
 15140 | Lair:2   | XOM: potion effect (magic)
 15257 | Lair:2   | XOM: summons friendly quasit
 15437 | Lair:2   | Reached skill level 7 in Translocations
 15438 | Lair:2   | Reached skill level 14 in Dodging
 15438 | Lair:2   | Reached skill level 8 in Stealth
 15444 | Lair:2   | XOM: destruction
 15456 | Lair:2   | Reached skill level 8 in Translocations
 15533 | Lair:2   | XOM: summons 4 friendly demons
 15541 | Lair:2   | XOM: enchant monster (good)
 15630 | Lair:2   | XOM: summons friendly quasit
 15650 | Lair:2   | XOM: swap monsters
 15658 | Lair:2   | XOM: polymorph yak -> black mamba
 15680 | Lair:2   | XOM: polymorph yak -> culicivora
 16053 | Lair:2   | Noticed Erica
 16055 | Lair:2   | XOM: cleaving
 16056 | Lair:2   | XOM: confusion
 16072 | Lair:1   | Reached skill level 14 in Unarmed Combat
 16251 | Lair:2   | Killed Erica
 16304 | Lair:2   | Noticed a death yak
 16459 | Lair:2   | XOM: enchant monster (bad)
 16463 | Lair:2   | XOM: cast spell 'Summon Small Mammal'
 16521 | Lair:2   | XOM: potion effect (magic)
 16575 | Lair:1   | XOM: scenery: summon butterflies
 16741 | Lair:2   | XOM: summons 7 hostile demons
 16884 | Lair:3   | XOM: stealth player
 16957 | Lair:2   | XOM: scenery: create altars
 16983 | Lair:2   | XOM: divination: magic mapping
 17131 | Lair:3   | XOM: fake destruction
 17290 | Lair:3   | XOM: smoke on damage
 17294 | Lair:3   | Reached XP level 13. HP: 50/73 MP: 15/15
 17475 | Lair:3   | Found a staircase to the Snake Pit.
 17636 | Lair:3   | Reached skill level 9 in Stealth
 17638 | Lair:3   | XOM: draining
 17643 | Lair:3   | Gained mutation: You are agile. (Dex +4, Str/Int -1)
                  | [hidden potential]
 17643 | Lair:3   | Lost mutation: You have hidden genetic potential. [hidden
                  | potential expressed]
 17721 | Lair:3   | XOM is BORED!
 17721 | Lair:3   | XOM: polymorph water moccasin -> troll
 17911 | Lair:3   | XOM: noise
 17926 | Lair:3   | Reached skill level 7 in Evocations
 17972 | Lair:3   | XOM: god gift: scale mail {god gift}
 18047 | Lair:3   | XOM: give mutation
 18047 | Lair:3   | Gained mutation: You have hidden genetic potential. [Xom's
                  | mischief]
 18194 | Lair:3   | XOM: fog
 18309 | Lair:3   | Found a staircase to the Shoals.
 18412 | Lair:4   | XOM: swap monsters
 18525 | Lair:4   | XOM: 1-stop teleportation journey
 18556 | Lair:4   | XOM: 3-stop teleportation journey
 18571 | Lair:4   | XOM: summons 3 hostile shadow creatures
 18721 | Lair:4   | XOM: give mutation
 18721 | Lair:4   | Lost mutation: Your body sometimes deteriorates upon taking
                  | damage. [Xom's mischief]
 18853 | Lair:4   | Reached skill level 10 in Stealth
 18895 | Lair:4   | Found a viscous altar of Jiyva.
 18898 | Lair:4   | Found a staircase to the Slime Pits.
 19116 | Lair:4   | Reached skill level 11 in Fighting
 19122 | Lair:4   | XOM: summons 2 friendly demons
 19130 | Lair:4   | Reached skill level 8 in Evocations
 19262 | Lair:4   | Reached skill level 1 in Shapeshifting
 19286 | Lair:4   | XOM: silly message
 19287 | Lair:4   | XOM: divination: detect creatures
 19288 | Lair:4   | XOM: cast spell 'Leda's Liquefaction'
 19289 | Lair:4   | XOM: noise
 19290 | Lair:4   | XOM: enchant monster (good)
 19302 | Lair:4   | XOM: blink monster(s)
 19304 | Lair:4   | XOM: noise
 19383 | Lair:4   | XOM: silly message
 19469 | Lair:4   | XOM: cloud trail
 19613 | Lair:4   | Reached skill level 2 in Shapeshifting
 19765 | Lair:4   | XOM: potion effect (haste)
 19769 | Lair:4   | XOM: noise
 19771 | Lair:4   | XOM: enchant monster (good)
 19772 | Lair:4   | XOM: enchant monster (good)
 19777 | Lair:4   | XOM: blink monster(s)
 19785 | Lair:4   | XOM: noise
 19792 | Lair:4   | XOM: enchant monster (bad)
 19811 | Lair:4   | XOM: summons friendly ufetubus
 19815 | Lair:4   | XOM: cast spell 'Summon Small Mammal'
 19822 | Lair:4   | Reached skill level 3 in Shapeshifting
 19839 | Lair:4   | XOM: noise
 19857 | Lair:4   | XOM: cleaving
 19861 | Lair:4   | Reached skill level 4 in Shapeshifting
 19874 | Lair:4   | XOM: cloud trail
 19968 | Lair:4   | XOM: silly message
 20159 | Lair:4   | XOM: silly message
 20238 | Lair:5   | Entered Level 5 of the Lair of Beasts
 20240 | Lair:5   | Reached skill level 5 in Shapeshifting
 20377 | Lair:5   | XOM: potion effect (brilliance)
 20381 | Lair:5   | XOM: divination: detect creatures
 20385 | Lair:5   | XOM: confusion
 20386 | Lair:5   | XOM: 6-stop teleportation journey
 20389 | Lair:5   | XOM: confusion (+ monsters)
 20398 | Lair:5   | XOM: enchant monster (bad)
 20414 | Lair:5   | XOM: fog
 20480 | Lair:5   | XOM: 1-stop teleportation journey
 20504 | Lair:5   | Reached skill level 6 in Shapeshifting
 20522 | Lair:5   | XOM: fake destruction
 20599 | Lair:5   | XOM: smoke on damage
 20604 | Lair:5   | Reached skill level 7 in Shapeshifting
 20768 | Lair:5   | XOM: enchant monster (bad)
 20776 | Lair:5   | XOM: blink monster(s)
 20777 | Lair:5   | XOM: blink monster(s)
 20784 | Lair:5   | XOM: swap monsters
 20785 | Lair:5   | XOM: summons friendly iron imp
 20803 | Lair:5   | XOM: cleaving
 20830 | Lair:5   | Reached skill level 8 in Shapeshifting
 21207 | Lair:5   | Found a runed translucent door.
 21207 | Lair:5   | Noticed a fire dragon
 21224 | Lair:5   | XOM: summons 7 hostile demons
 21459 | D:11     | Reached XP level 14. HP: 70/80 MP: 16/16
 21464 | D:11     | XOM: polymorph orc -> dart slug
 21646 | D:11     | XOM: 4-stop teleportation journey
 21667 | D:11     | Reached skill level 9 in Shapeshifting
 21721 | D:11     | XOM: divination: magic mapping
 21945 | D:12     | Noticed Sonja
 21946 | D:12     | Sonja changed into Sonja the bullfrog
 21946 | D:12     | Noticed Sonja
 21952 | D:12     | Killed Sonja the bullfrog
 21960 | D:12     | XOM: 3-stop teleportation journey
 22007 | D:12     | XOM: give mutations
 22007 | D:12     | Gained mutation: You expend magic power (3 MP) to
                  | strengthen your wands. [Xom's grace]
 22007 | D:12     | Gained mutation: You are partially covered in iridescent
                  | scales. (AC +2) [Xom's grace]
 22007 | D:12     | Gained mutation: You possess an exceptional clarity of
                  | mind. [Xom's grace]
 22061 | D:12     | Found a staircase to the Orcish Mines.
 22409 | D:12     | Gained mutation: Your muscles are strong. (Str +4, Int/Dex
                  | -1) [hidden potential]
 22454 | D:12     | XOM: god gift: +4 ring of protection
 22478 | D:12     | XOM: potion effect (invisibility)
 22519 | D:12     | XOM: potion effect (haste)
 22537 | D:12     | Reached skill level 10 in Shapeshifting
 22744 | D:12     | XOM: silly message
 22823 | Orc:1    | Entered Level 1 of the Orcish Mines
 22823 | Orc:1    | Found the +4 robe of Folly {Brill Will-∞ Int+8}
 22890 | Orc:1    | Found Jirau's Antique Armour Shop.
 22938 | Orc:1    | XOM: noise
 22946 | Orc:1    | XOM: blink monster(s)
 22991 | D:12     | XOM: divination: detect creatures
 22996 | D:12     | XOM: silly message
 23070 | Orc:1    | Reached skill level 11 in Shapeshifting
 23103 | Orc:1    | Found Elado's General Store.
 23346 | Orc:2    | Entered Level 2 of the Orcish Mines
 23415 | Orc:2    | XOM: potion effect (invisibility)
 23440 | Orc:2    | XOM: 3-stop teleportation journey
 23464 | Orc:2    | Found Ragaokko's Weapon Shoppe.
 23466 | Orc:2    | Found Bore Arr's Antique Weapon Emporium.
 23468 | Orc:2    | XOM: divination: magic mapping
 23471 | Orc:2    | XOM: chaos upgrade
 23472 | Orc:2    | Found Nenk's Weapon Emporium.
 23472 | Orc:2    | XOM: summons 2 friendly demons
 23492 | Orc:2    | Reached skill level 12 in Shapeshifting
 23505 | Orc:2    | Found Joelec Qeut's Weapon Shoppe.
 23521 | Orc:2    | Found a flickering gateway to a bazaar.
 23533 | Bazaar   | Entered a bazaar
 23533 | Bazaar   | Found Jecs's Magic Scroll Boutique.
 23533 | Bazaar   | Found Nuxzoor's Antique Weapon Boutique.
 23579 | Bazaar   | Found Dycyrgh's Book Emporium.
 23590 | Bazaar   | Found Ungod's General Store.
 23598 | Bazaar   | Found Odehegok's Antique Armour Shop.
 23629 | Bazaar   | Bought a scroll of blinking for 150 gold pieces
 23629 | Bazaar   | Bought a scroll of immolation for 80 gold pieces
 23629 | Bazaar   | Bought a scroll of teleportation for 60 gold pieces
 23651 | Bazaar   | Bought a potion of heal wounds for 65 gold pieces
 23651 | Bazaar   | Bought a wand of paralysis (2) for 62 gold pieces
 23651 | Bazaar   | Bought a potion of mutation for 104 gold pieces
 23846 | Orc:2    | XOM: 6-stop teleportation journey
 23855 | Orc:2    | Found a staircase to the Elven Halls.
 23926 | Orc:2    | XOM: summons 2 hostile demons
 24311 | Orc:1    | XOM: summons 8 hostile demons
 24322 | Orc:1    | XOM: give mutation
 24322 | Orc:1    | Lost mutation: You have very sharp fingernails. [Xom's
                  | mischief]
 24653 | D:13     | Noticed a stone giant
 24656 | D:13     | XOM: potion effect (attraction)
 24658 | D:13     | XOM: confuse monster(s)
 24659 | D:13     | Reached skill level 13 in Shapeshifting
 24663 | D:13     | Killed a stone giant
 25053 | D:13     | Found a gate to the Vaults.
 25054 | D:13     | Noticed an ironbound preserver
 25061 | D:13     | XOM: cast spell 'Alistair's Intoxication'
 25063 | D:13     | XOM: cleaving
 25070 | D:13     | Killed an ironbound preserver
 25070 | D:13     | XOM: fake destruction
 25102 | D:13     | XOM: cloud trail
 25226 | D:13     | XOM: cast spell 'Discord'
 25286 | D:14     | XOM: cloud trail
 25349 | D:14     | XOM: cast spell 'Death Channel'
 25350 | D:14     | XOM: torment (65/82 hp)
 25374 | D:14     | Reached skill level 14 in Shapeshifting
 25456 | D:14     | Reached XP level 15. HP: 84/84 MP: 17/17
 25794 | D:14     | Noticed Rupert
 25794 | D:14     | XOM: enchant monster (good)
 25808 | D:14     | Killed Rupert
 26025 | D:15     | Entered Level 15 of the Dungeon
 26072 | D:15     | Identified the serpent talisman of the Imp {MP+9}
 26110 | D:15     | Gained mutation: You have a pair of small antennae on your
                  | head. [hidden potential]
 26110 | D:15     | Lost mutation: You have hidden genetic potential. [hidden
                  | potential expressed]
 26137 | D:15     | XOM: scenery: create altars
 26144 | D:15     | XOM: summons friendly shadow imp
 26280 | D:15     | XOM: divination: detect creatures
 26395 | D:15     | XOM: silly message
 26439 | D:15     | Found a staircase to the Depths.
 26494 | D:15     | XOM: cast spell 'Summon Ice Beast'
 26753 | D:15     | XOM: silly message
 27313 | D:9      | Killed BinkBink's ghost
 27645 | Lair:5   | Reached skill level 12 in Fighting
 27736 | Lair:5   | XOM: summons friendly white imp
 27791 | Lair:5   | XOM: divination: detect creatures
 27930 | Snake:1  | Entered Level 1 of the Snake Pit
 28026 | Snake:1  | XOM: god gift: +2 great sword of chaos
 28039 | Snake:1  | Found a transporter.
 28084 | Snake:1  | Reached skill level 13 in Fighting
 28099 | Snake:1  | XOM: chaos upgrade
 28143 | Snake:1  | XOM: snakes to sticks
 28150 | Snake:1  | XOM: chaos upgrade
 28156 | Snake:1  | XOM: swap monsters
 28195 | Snake:1  | XOM: enchant monster (bad)
 28206 | Snake:1  | XOM: chaos upgrade
 28212 | Snake:1  | XOM: summons 15 friendly demons
 28219 | Snake:1  | Reached XP level 16. HP: 94/94 MP: 13/18
 28233 | Snake:1  | Learned a level 1 spell: Apportation
 28338 | Snake:1  | Found a transporter.
 28379 | Snake:1  | Found Giod's Antique Weapon Boutique.
 28387 | Snake:1  | Identified the amulet "Hotuib" {Faith Stlth+}
 28412 | Snake:1  | Found Otevvop's Magic Scroll Boutique.
 28423 | Snake:1  | Found Cujaler's Antique Weapon Boutique.
 28423 | Snake:1  | Found Behud's Assorted Antiques.
 28429 | Snake:1  | Bought a scroll of teleportation for 45 gold pieces
 28429 | Snake:1  | Bought a scroll of vulnerability for 60 gold pieces
 28429 | Snake:1  | Found Nuits's Antique Armour Shop.
 28438 | Snake:1  | Bought a scroll of immolation for 120 gold pieces
 28438 | Snake:1  | Bought a potion of heal wounds for 150 gold pieces
 28554 | Snake:1  | XOM: silly message
 28558 | Snake:1  | Reached skill level 14 in Fighting
 28564 | Snake:1  | XOM: give mutation
 28564 | Snake:1  | Gained mutation: Your muscles are very strong. (Str +8,
                  | Int/Dex -2) [Xom's grace]
 28609 | Snake:1  | Identified the ring of Gushu {rC+ rN+ Str+3 Int+4}
 28618 | Snake:1  | Identified the amulet "Igoef" {Regen+ Dex+3}
 28678 | Snake:2  | Noticed Donald
 28689 | Snake:2  | XOM: polymorph naga -> raiju
 28692 | Snake:2  | XOM: summons 8 hostile demons
 28693 | Snake:2  | XOM: repel stairs
 28694 | Snake:2  | Reached skill level 9 in Evocations
 28694 | Snake:2  | XOM: blink monster(s)
 28709 | Snake:2  | Slain by a sea snake
 28719 | Snake:2  | XOM: polymorph sea snake -> mana viper
 28834 | Snake:2  | XOM: 4-stop teleportation journey
 28848 | Snake:2  | XOM: give mutations
 28848 | Snake:2  | Lost mutation: You are agile. (Dex +4, Str/Int -1) [Xom's
                  | mischief]
 28848 | Snake:2  | Lost mutation: Your muscles are very strong. (Str +8,
                  | Int/Dex -2) [Xom's mischief]
 28848 | Snake:2  | Lost mutation: You have an increased reservoir of magic.
                  | (+10% MP) [Xom's mischief]
 28872 | Snake:2  | Found Papnufur's Armour Boutique.
 28953 | Snake:2  | XOM: give mutations
 28953 | Snake:2  | Gained mutation: You are mostly covered in iridescent
                  | scales. (AC +4) [Xom's grace]
 28953 | Snake:2  | Gained mutation: You are resistant to electric shocks.
                  | (rElec) [Xom's grace]
 28953 | Snake:2  | Gained mutation: You have hidden genetic potential. [Xom's
                  | grace]
 28963 | Snake:2  | Killed Donald
 28998 | Snake:2  | Identified the +2 leather armour of the Wheelwright {+Blink
                  | rF+ Str-2}
 29017 | Snake:2  | XOM: destruction
 29035 | Snake:2  | Reached skill level 10 in Evocations
 29072 | Snake:2  | XOM: god gift: +2 long sword of holy wrath
 29115 | Snake:2  | XOM: scenery: create altars
 29354 | Snake:2  | XOM: cloud trail
 29620 | Snake:3  | XOM: 1-stop teleportation journey
 29636 | Snake:3  | XOM: cast spell 'Leda's Liquefaction'
 29640 | Snake:3  | XOM: summons 2 friendly demons
 29770 | Snake:3  | XOM: divine lightning
 29771 | Snake:3  | Reached skill level 11 in Evocations
 29870 | Snake:3  | XOM: confuse monster(s)
 29873 | Snake:3  | Reached skill level 12 in Evocations
 29998 | Snake:3  | XOM: give mutations
 29998 | Snake:3  | Gained mutation: You occasionally lose the ability to read
                  | scrolls when taking damage. [Xom's mischief]
 29998 | Snake:3  | Lost mutation: You are very robust. (+20% HP) [Xom's
                  | mischief]
 30012 | Snake:3  | XOM: polymorph naga sharpshooter -> redback
 30129 | Snake:3  | XOM: draining
 30210 | Snake:4  | Entered Level 4 of the Snake Pit
 30247 | Snake:4  | XOM: swap monsters
 30265 | Snake:4  | Noticed Asterion
 30404 | Snake:4  | Reached skill level 13 in Evocations
 30454 | Snake:4  | Killed Asterion
 30528 | Snake:4  | Noticed Nikola
 30543 | Snake:4  | Killed Nikola
 30583 | Snake:4  | XOM: silly message
 30603 | Snake:4  | XOM: blink monster(s)
 30605 | Snake:4  | XOM: summons 1 hostile demon
 30608 | Snake:4  | XOM: chaos cloud
 30628 | Snake:4  | XOM: summons friendly white imp
 30629 | Snake:4  | XOM: chaos upgrade
 30782 | Snake:4  | XOM: divination: detect creatures
 30800 | Snake:4  | Reached skill level 14 in Evocations
 31119 | Snake:4  | XOM: divination: magic mapping
 31173 | Snake:4  | XOM: 2-stop teleportation journey
 31186 | Snake:4  | XOM: cast spell 'Call Canine Familiar'
 31195 | Snake:4  | Reached XP level 17. HP: 83/92 MP: 18/18
 31208 | Snake:4  | XOM: divination: detect creatures
 31232 | Snake:4  | XOM: cast spell 'Summon Small Mammal'
 31362 | Snake:4  | XOM: cloud trail
 31452 | Snake:4  | XOM: potion effect (invisibility)
 31460 | Snake:4  | XOM: potion effect (invisibility)
 31462 | Snake:4  | XOM: cast spell 'Leda's Liquefaction'
 31501 | Snake:4  | Reached skill level 11 in Stealth
 31585 | Snake:4  | XOM: smoke on damage
 31596 | Snake:4  | Gained mutation: You are partially covered in large bone
                  | plates. (SH +4) [hidden potential]
 31667 | Snake:4  | XOM: divination: detect items
 31674 | Snake:4  | Reached skill level 12 in Stealth
 31706 | Snake:4  | Got a serpentine rune of Zot
 31971 | Shoals:1 | Entered Level 1 of the Shoals
 31972 | Shoals:1 | Upgraded the game from 0.31-a0-1008-g5b978dac0e to
                  | 0.31-a0-1009-g454b1f1e0a
 32015 | Shoals:1 | Reached skill level 1 in Spellcasting
 32167 | Shoals:1 | Reached skill level 2 in Spellcasting
 32193 | Shoals:1 | Reached skill level 13 in Stealth
 32193 | Shoals:1 | Reached skill level 9 in Translocations
 32306 | Shoals:1 | Identified the +5 dagger of Ejiustipp {heavy, Will+}
 32349 | Shoals:1 | XOM: 1-stop teleportation journey
 32522 | Shoals:1 | XOM: divination: detect creatures
 32529 | Shoals:1 | XOM: cast spell 'Metabolic Englaciation'
 32532 | Shoals:1 | Reached skill level 3 in Spellcasting
 32540 | Shoals:1 | XOM: give mutations
 32540 | Shoals:1 | Gained mutation: You have a somewhat thin skeletal
                  | structure. (Dex +2, Stealth+) [Xom's grace]
 32540 | Shoals:1 | Gained mutation: You have great hidden genetic potential.
                  | [Xom's grace]
 32664 | Shoals:2 | XOM: noise
 32683 | Shoals:2 | XOM: enchant monster (bad)
 32686 | Shoals:2 | XOM: summons friendly quasit
 32729 | Shoals:2 | XOM: 2-stop teleportation journey
 32776 | Shoals:2 | Reached skill level 10 in Translocations
 32792 | Shoals:2 | XOM: fake destruction
 33011 | Shoals:2 | Found Ryceul's Book Emporium.
 33038 | Shoals:2 | XOM: 8-stop teleportation journey
 33267 | Shoals:2 | Reached skill level 4 in Spellcasting
 33269 | Shoals:2 | XOM: chaos cloud
 33275 | Shoals:2 | XOM: blink monster(s)
 33278 | Shoals:2 | Reached skill level 14 in Stealth
 33337 | Shoals:2 | XOM: summons 1 hostile demon
 33609 | Shoals:3 | Learned a level 3 spell: Ozocubu's Armour
 33833 | Shoals:3 | Noticed Bai Suzhen
 33842 | Shoals:3 | Killed Bai Suzhen
 33843 | Shoals:3 | Reached skill level 1 in Ice Magic
 33919 | Shoals:3 | Reached skill level 11 in Translocations
 33946 | Shoals:3 | XOM: summons 9 hostile demons
 34310 | Shoals:4 | Entered Level 4 of the Shoals
 34310 | Shoals:4 | Noticed Louise
 34312 | Shoals:4 | Killed Louise
 34313 | Shoals:4 | Reached XP level 18. HP: 96/96 MP: 26/26
 34355 | Shoals:4 | Reached skill level 2 in Ice Magic
 34396 | Shoals:4 | XOM: summons 3 hostile shadow creatures
 34443 | Shoals:4 | XOM: chaos cloud
 34450 | Shoals:4 | Reached skill level 5 in Spellcasting
 34501 | Shoals:4 | XOM: noise
 34567 | Shoals:4 | XOM: enchant monster (bad)
 34568 | Shoals:4 | XOM: noise
 34574 | Shoals:4 | Identified the +2 mace of Qazlal, Grinning {freeze, Str+3
                  | Int+3}
 34631 | Shoals:4 | XOM: 1-stop teleportation journey
 34704 | Shoals:4 | XOM: noise
 34706 | Shoals:3 | XOM: noise
 34709 | Shoals:3 | HP: 3/111 [frost giant/+1 battleaxe of freezing (14)]
 34709 | Shoals:3 | Slain by a frost giant
 34732 | Shoals:3 | Reached skill level 3 in Ice Magic
 34778 | Shoals:3 | Gained mutation: You are very robust. (+20% HP) [hidden
                  | potential]
 34778 | Shoals:3 | Lost mutation: You have great hidden genetic potential.
                  | [hidden potential expressed]
 34791 | Shoals:3 | Reached skill level 12 in Translocations
 34791 | Shoals:3 | XOM: give mutations
 34791 | Shoals:3 | Lost mutation: Your flesh is heat resistant. (rF+) [Xom's
                  | mischief]
 34791 | Shoals:3 | Lost mutation: You are resistant to electric shocks.
                  | (rElec) [Xom's mischief]
 34791 | Shoals:3 | Lost mutation: You are very robust. (+20% HP) [Xom's
                  | mischief]
 34845 | Shoals:4 | XOM: chaos upgrade
 34904 | Shoals:4 | Reached skill level 6 in Spellcasting
 34904 | Shoals:4 | XOM: 2-stop teleportation journey
 34930 | Shoals:4 | Reached skill level 4 in Ice Magic
 35019 | Shoals:4 | Got a barnacled rune of Zot
 35433 | Shoals:4 | XOM: 4-stop teleportation journey
 35438 | Shoals:4 | XOM: 1-stop teleportation journey
 35574 | Shoals:4 | XOM: summons 1 hostile demon
 35616 | Shoals:4 | Noticed Polyphemus
 35627 | Shoals:4 | Killed Polyphemus
 35679 | Shoals:4 | XOM: give mutations
 35679 | Shoals:4 | Lost mutation: You are partially covered in large bone
                  | plates. (SH +4) [Xom's mischief]
 35679 | Shoals:4 | Lost mutation: You have a pair of small antennae on your
                  | head. [Xom's mischief]
 35679 | Shoals:4 | Lost mutation: You occasionally lose the ability to read
                  | scrolls when taking damage. [Xom's mischief]
 36025 | Vaults:2 | Identified the of Esithroij
 36025 | Vaults:5 | Identified the of Tydy
 36025 | Crypt:3  | Identified the "Liet"
 36025 | Depths:3 | Identified the "Riuwo"
 36025 | Elf:1    | Identified the "Vevitave"
 36025 | Desolati | Identified the "Joranoni"
 36025 | Desolati | Identified the of Lommuff
 36025 | Desolati | Identified the "Xobinuv"
 36025 | Elf:1    | Entered Level 1 of the Elven Halls
 36039 | Elf:1    | Reached skill level 13 in Translocations
 36095 | Elf:1    | XOM: repel stairs
 36108 | Elf:1    | Reached skill level 5 in Ice Magic
 36119 | Elf:1    | XOM: noise
 36133 | Elf:1    | XOM: summons 11 friendly demons
 36141 | Elf:1    | Reached skill level 7 in Spellcasting
 36166 | Elf:1    | Noticed Roxanne
 36185 | Elf:1    | Killed Roxanne
 36512 | Elf:1    | XOM is BORED!
 36665 | Elf:1    | XOM: god gift: dart of dispersal
 36732 | Elf:1    | XOM: cloud trail
 36745 | Elf:1    | XOM: give mutations
 36745 | Elf:1    | Gained mutation: Your natural rate of healing is unusually
                  | fast. [Xom's grace]
 36745 | Elf:1    | Gained mutation: Your system is resistant to poisons.
                  | (rPois) [Xom's grace]
 36764 | Elf:1    | XOM: divination: detect items
 36882 | Elf:1    | XOM: silly message
 36994 | Elf:1    | XOM: summons 7 hostile demons
 37015 | Elf:1    | XOM: summons friendly quasit
 37019 | Elf:1    | XOM: stat loss: -1 Int (13/14)
 37026 | Elf:1    | XOM: swap monsters
 37294 | Elf:1    | XOM: 1-stop teleportation journey
 37366 | Elf:1    | Reached skill level 14 in Translocations
 37456 | Elf:1    | Reached skill level 6 in Ice Magic
 37686 | Elf:1    | XOM: summons 1 hostile shadow creature
 37864 | Elf:1    | XOM: noise
 38154 | Elf:2    | Reached skill level 8 in Spellcasting
 38156 | Elf:2    | XOM: blink monster(s)
 38159 | Elf:2    | XOM: blink monster(s)
 38207 | Elf:2    | XOM: enchant monster (bad)
 38210 | Elf:2    | Reached XP level 19. HP: 101/101 MP: 32/32
 38249 | Elf:2    | XOM: 2-stop teleportation journey
 38260 | Elf:2    | XOM: torment (91/116 hp)
 38265 | Elf:2    | Paralysed by an air elemental for 1 turns
 38271 | Elf:2    | Paralysed by an air elemental for 1 turns
 38298 | Elf:2    | Reached skill level 7 in Ice Magic
 38301 | Elf:2    | Identified the serpent talisman of Sharp Salvation {Int+3
                  | Slay+3}
 38307 | Elf:2    | XOM: 1-stop teleportation journey
 38574 | Elf:2    | Found Aloimaza's Book Boutique.
 38575 | Elf:2    | Found Filet's Jewellery Emporium.
 38578 | Elf:2    | Found Nomepran's Book Boutique.
 38588 | Elf:2    | Bought Sif Muna's Quarto of Forms for 380 gold pieces
 38588 | Elf:2    | Bought a manual of Transmutations for 800 gold pieces
 38604 | Elf:2    | XOM: 1-stop teleportation journey
 38617 | Elf:2    | Reached skill level 9 in Spellcasting
 38617 | Elf:2    | Reached skill level 1 in Transmutations
 38621 | Elf:2    | Gained mutation: You have a moderately thin skeletal
                  | structure. (Dex +4, Stealth++) [hidden potential]
 38626 | Elf:2    | Reached skill level 1 in Conjurations
 38628 | Elf:2    | Reached skill level 2 in Transmutations
 38760 | Elf:2    | Found a runed translucent gate.
 38762 | Elf:2    | Found a runed translucent gate.
 38762 | Elf:2    | Found a runed translucent gate.
 38774 | Elf:2    | Reached skill level 3 in Transmutations
 38856 | Elf:2    | Reached skill level 2 in Conjurations
 38989 | Elf:2    | Reached skill level 4 in Transmutations
 39099 | Elf:2    | Paralysed by an air elemental for 1 turns
 39223 | Elf:2    | Reached skill level 5 in Transmutations
 39315 | Elf:2    | XOM: chaos cloud
 39321 | Elf:2    | Reached skill level 3 in Conjurations
 39375 | Elf:2    | XOM: summons 2 hostile shadow creatures
 39452 | Elf:3    | Identified the "Ruxzafuets"
 39452 | Elf:3    | Identified the of Ynajus
 39452 | Elf:3    | Identified the "Cycank"
 39452 | Elf:3    | Entered Level 3 of the Elven Halls
 39466 | Elf:3    | Found Heibil's Book Emporium.
 39504 | Elf:3    | XOM: 3-stop teleportation journey
 39513 | Elf:3    | XOM: blink monster(s)
 39519 | Elf:3    | Reached skill level 6 in Transmutations
 39524 | Elf:3    | XOM: cast spell 'Metabolic Englaciation'
 39546 | Elf:3    | Noticed Zenata
 39556 | Elf:3    | Killed Zenata
 39611 | Elf:3    | Reached skill level 7 in Transmutations
 39620 | Elf:3    | Reached skill level 4 in Conjurations
 39633 | Elf:3    | Reached skill level 10 in Spellcasting
 39701 | Elf:3    | Bought Maxwell's Memoranda for 840 gold pieces
 39706 | Elf:3    | Learned a level 4 spell: Vhi's Electric Charge
 39709 | Elf:3    | Learned a level 2 spell: Wereblood
 39715 | Elf:3    | Learned a level 5 spell: Irradiate
 39845 | Elf:3    | XOM: give mutations
 39845 | Elf:3    | Gained mutation: You are very robust. (+20% HP) [Xom's
                  | mischief]
 39845 | Elf:3    | Lost mutation: You are mostly covered in iridescent scales.
                  | (AC +4) [Xom's mischief]
 39845 | Elf:3    | Lost mutation: You expend magic power (3 MP) to strengthen
                  | your wands. [Xom's mischief]
 39845 | Elf:3    | Lost mutation: Your skin changes colour to match your
                  | surroundings (Stealth+). [Xom's mischief]
 40233 | Elf:3    | XOM: noise
 40250 | Elf:3    | Reached skill level 1 in Air Magic
 40396 | Elf:3    | XOM: 4-stop teleportation journey
 40550 | Elf:3    | Reached skill level 8 in Transmutations
 40559 | Elf:3    | XOM: butterfly on damage
 40560 | Elf:3    | XOM: enchant monster (bad)
 40744 | Elf:3    | Reached skill level 2 in Air Magic
 40913 | Elf:3    | Reached skill level 5 in Conjurations
 40926 | Elf:3    | Reached skill level 9 in Transmutations
 41485 | Elf:3    | Identified the +9 great sword of False Hope {speed, rC+
                  | Int+6}
 41538 | Elf:3    | Noticed Saint Roka
 41538 | Elf:3    | Identified the amulet of Pragmatism {RegenMP Fragile Will+
                  | Dex+3}
 41549 | Elf:3    | Gained mutation: Potions are less effective at restoring
                  | your health. [a neqoxec]
 41630 | Elf:3    | XOM: 1-stop teleportation journey
 41663 | Elf:3    | Noticed Mara
 41732 | Elf:3    | Reached skill level 3 in Air Magic
 41797 | Elf:3    | Noticed EnegeticOcto's illusion
 41804 | Elf:3    | Killed Mara
 41805 | Elf:3    | Reached XP level 20. HP: 115/115 MP: 19/35
 41924 | Elf:3    | Killed Saint Roka
 41925 | Elf:3    | Reached skill level 10 in Transmutations
 41934 | Elf:3    | XOM: confuse monster(s)
 42012 | Elf:3    | XOM: silly message
 42035 | Elf:3    | Reached skill level 6 in Conjurations
 42035 | Elf:3    | Reached skill level 4 in Air Magic
 42075 | Elf:3    | Found the +10 zealot's sword {holy, Zealotry, *Rage rN+
                  | EV+3}
 42081 | Elf:3    | Identified the amulet "Daepn" {RegenMP rPois rF+ Str+3}
 42264 | Elf:1    | XOM: god gift: amulet of the acrobat
 42392 | Vaults:1 | Entered Level 1 of the Vaults
 42411 | Vaults:1 | XOM: give mutations
 42411 | Vaults:1 | Lost mutation: You possess an exceptional clarity of mind.
                  | [Xom's mischief]
 42411 | Vaults:1 | Lost mutation: You are partially covered in iridescent
                  | scales. (AC +2) [Xom's mischief]
 42431 | Vaults:1 | Reached skill level 11 in Spellcasting
 42432 | Vaults:1 | Gained mutation: Your mind is acute. (Int +4, Str/Dex -1)
                  | [hidden potential]
 42432 | Vaults:1 | Lost mutation: You have hidden genetic potential. [hidden
                  | potential expressed]
 42435 | Vaults:1 | XOM: enchant monster (good)
 42590 | Vaults:1 | Identified a scroll of acquirement
 42611 | Vaults:1 | Reached skill level 11 in Transmutations
 42903 | Vaults:1 | XOM: fake destruction
 43110 | Vaults:1 | XOM: scenery: summon butterflies
 43188 | Vaults:1 | XOM: enchant monster (good)
 43192 | Vaults:1 | XOM: divine lightning
 43210 | Vaults:1 | XOM: scenery: 1 doors close
 43211 | Vaults:1 | Reached skill level 7 in Conjurations
 43222 | Vaults:1 | XOM: summons 4 friendly demons
 43225 | Vaults:1 | Reached skill level 12 in Transmutations
 43276 | Vaults:1 | XOM: cleaving
 43280 | Vaults:1 | XOM: fog
 43353 | Vaults:1 | XOM: give mutations
 43353 | Vaults:1 | Gained mutation: You are strong-willed. (Will+) [Xom's
                  | grace]
 43353 | Vaults:1 | Gained mutation: You are extremely robust. (+30% HP) [Xom's
                  | grace]
 43353 | Vaults:1 | Gained mutation: Your mind is very acute. (Int +8, Str/Dex
                  | -2) [Xom's grace]
 43454 | Vaults:1 | Identified the of Addud (You acquired it on level 1 of the
                  | Vaults)
 43454 | Vaults:1 | Acquired 1115 gold pieces
 43537 | Vaults:2 | Identified the +10 plate armour "Timeffef" {+Inv rPois
                  | Dex+3}
 43815 | Vaults:2 | XOM: god gift: scroll of enchant weapon
 43868 | Vaults:2 | XOM: scenery: 1 doors open, 1 doors close
 43991 | Vaults:2 | XOM: god gift: +3 Elemental Staff {ele, rElec rF+ rC+ AC+3}
 43992 | Vaults:2 | Found the +3 Elemental Staff {ele, rElec rF+ rC+ AC+3}
 43998 | Vaults:2 | Reached skill level 13 in Transmutations
 44062 | Vaults:2 | XOM: scenery: create altars
 44197 | Vaults:2 | Reached skill level 12 in Spellcasting
 44197 | Vaults:2 | Reached skill level 8 in Conjurations
 44244 | Vaults:2 | XOM: confuse monster(s)
 44303 | Vaults:2 | XOM: silly message
 44615 | Vaults:3 | Identified the ring of False Hope {rC- Will+ Int+8}
 44672 | Vaults:3 | Found Rimis's Magic Scroll Shoppe.
 44680 | Vaults:3 | Bought a scroll of vulnerability for 84 gold pieces
 44680 | Vaults:3 | Bought a scroll of poison for 84 gold pieces
 44680 | Vaults:3 | Bought a scroll of fear for 84 gold pieces
 44680 | Vaults:3 | Bought a scroll of teleportation for 63 gold pieces
 44782 | Vaults:3 | Reached skill level 14 in Transmutations
 44973 | Vaults:3 | XOM: divination: detect creatures
 45071 | Vaults:3 | XOM: divination: detect items
 45099 | Vaults:3 | XOM: cloud trail
 45103 | Vaults:3 | Found Pynomeh's Assorted Antiques.
 45111 | Vaults:3 | Bought a potion of mutation for 296 gold pieces
 45111 | Vaults:3 | Bought a scroll of blinking for 277 gold pieces
 45441 | Vaults:3 | Found Zelu's Antique Armour Boutique.
 45476 | Vaults:3 | Reached XP level 21. HP: 130/130 MP: 38/38
 45643 | Vaults:3 | XOM: summons 1 hostile shadow creature
 45853 | Vaults:4 | XOM is BORED!
 45853 | Vaults:4 | XOM: give mutations
 45853 | Vaults:4 | Lost mutation: You are strong-willed. (Will+) [Xom's
                  | mischief]
 45853 | Vaults:4 | Lost mutation: Your muscles are strong. (Str +4, Int/Dex
                  | -1) [Xom's mischief]
 45853 | Vaults:4 | Gained mutation: Your magical capacity is low. (-10% MP)
                  | [Xom's mischief]
 45853 | Vaults:4 | Lost mutation: You have a moderately thin skeletal
                  | structure. (Dex +4, Stealth++) [Xom's mischief]
 45870 | Vaults:4 | XOM: enchant monster (good)
 45889 | Vaults:4 | Reached skill level 9 in Conjurations
 46085 | Vaults:4 | Identified the +6 spear of Deflation {drain, Fragile +Blink
                  | Int+2 SInv}
 46113 | Vaults:4 | Found Nasir's Jewellery Shoppe.
 46247 | Vaults:4 | Reached skill level 13 in Spellcasting
 46622 | Vaults:4 | Reached skill level 10 in Conjurations
 46632 | Vaults:4 | XOM: enchant monster (good)
 47083 | Vaults:3 | XOM: divination: detect items
 47246 | Vaults:3 | Found a staircase to the Crypt.
 47367 | Vaults:3 | XOM: give mutations
 47367 | Vaults:3 | Gained mutation: You are resistant to electric shocks.
                  | (rElec) [Xom's grace]
 47367 | Vaults:3 | Gained mutation: You are partially covered in iridescent
                  | scales. (AC +2) [Xom's grace]
 47403 | Vaults:1 | XOM: give mutation
 47403 | Vaults:1 | Gained mutation: You expend magic power (3 MP) to
                  | strengthen your wands. [Xom's grace]
 47573 | Depths:1 | Entered Level 1 of the Depths
 47586 | Depths:1 | XOM: blink monster(s)
 47587 | Depths:1 | XOM: potion effect (brilliance)
 47598 | Depths:1 | Found a gateway to Hell.
 47623 | Depths:1 | Found a hazy altar of Hepliaklqana.
 47871 | Depths:1 | Found a one-way gateway to a ziggurat.
 47873 | Depths:1 | Identified the +0 tower shield of Wu Jian, Screaming {rPois
                  | rF+ Str+3 Stlth+}
 47874 | Depths:1 | XOM: potion effect (attraction)
 47874 | Depths:1 | XOM: smoke on damage
 48029 | Depths:1 | XOM: cast spell 'Summon Small Mammal'
 48051 | Depths:1 | XOM: divination: detect creatures
 48363 | Depths:1 | XOM: silly message
 48483 | Depths:1 | XOM: divination: detect creatures
 48490 | Depths:1 | XOM: enchant monster (good)
 48494 | Depths:1 | Reached skill level 14 in Spellcasting
 48494 | Depths:1 | Reached skill level 11 in Conjurations
 48495 | Depths:1 | XOM: give mutations
 48495 | Depths:1 | Gained mutation: Your skin changes colour to match your
                  | surroundings (Stealth+). [Xom's grace]
 48495 | Depths:1 | Gained mutation: You are agile. (Dex +4, Str/Int -1) [Xom's
                  | grace]
 48495 | Depths:1 | Gained mutation: You are somewhat resistant to further
                  | mutation. [Xom's grace]
 48495 | Depths:1 | Gained mutation: You passively dampen the noise of your
                  | surroundings. [Xom's grace]
 48557 | Depths:1 | XOM: divine lightning
 48606 | Depths:1 | Found a transporter.
 48625 | Depths:1 | Found a transporter.
 48668 | Depths:1 | Found a transporter.
 48722 | Depths:1 | Found a transporter.
 48813 | Depths:1 | XOM: give mutations
 48813 | Depths:1 | Lost mutation: You passively dampen the noise of your
                  | surroundings. [Xom's mischief]
 48813 | Depths:1 | Lost mutation: You are extremely robust. (+30% HP) [Xom's
                  | mischief]
 48813 | Depths:1 | Lost mutation: Potions are less effective at restoring your
                  | health. [Xom's mischief]
 48813 | Depths:1 | Lost mutation: You are somewhat resistant to further
                  | mutation. [Xom's mischief]
 49130 | Depths:1 | XOM: give mutations
 49130 | Depths:1 | Lost mutation: You are resistant to electric shocks.
                  | (rElec) [Xom's mischief]
 49130 | Depths:1 | Lost mutation: You are agile. (Dex +4, Str/Int -1) [Xom's
                  | mischief]
 49130 | Depths:1 | Lost mutation: Your skin changes colour to match your
                  | surroundings (Stealth+). [Xom's mischief]
 49130 | Depths:1 | Gained mutation: You are strong-willed. (Will+) [Xom's
                  | mischief]
 49265 | Depths:2 | XOM: confusion (+ monsters)
 49490 | Depths:2 | Noticed Grunn
 49502 | Depths:2 | Reached skill level 12 in Conjurations
 49505 | Depths:2 | Killed Grunn
 49540 | Depths:2 | XOM: swap monsters
 49548 | Depths:2 | XOM: swap monsters
 49587 | Depths:2 | XOM: summons 1 hostile demon
 49600 | Depths:2 | XOM: confusion (+ monsters)
 49612 | Depths:2 | Reached XP level 22. HP: 124/124 MP: 28/37
 49627 | Depths:2 | XOM: potion effect (might)
 49640 | Depths:2 | XOM: summons 3 friendly demons
 49891 | Depths:2 | Found a one-way gate leading to the halls of Pandemonium.
 49919 | Depths:2 | Reached skill level 13 in Conjurations
 50006 | Depths:2 | Identified the +2 robe "Fioq" {Contam Rampage rF+ Str+3}
 50010 | Depths:2 | Found a one-way gate to the infinite horrors of the Abyss.
 50053 | Depths:2 | XOM: divination: magic mapping
 50181 | Depths:2 | Gained mutation: You occasionally lose the ability to drink
                  | potions when taking damage. [a cacodemon]
 50188 | Depths:2 | Gained mutation: Your magical capacity is very low. (-20%
                  | MP) [a cacodemon]
 50487 | Depths:2 | XOM: god gift: wand of paralysis (7)
 50498 | Depths:2 | Reached skill level 14 in Conjurations
 50862 | Depths:3 | Noticed a caustic shrike
 50862 | Depths:3 | Noticed a caustic shrike
 50862 | Depths:3 | Noticed a caustic shrike
 50862 | Depths:3 | XOM: 4-stop teleportation journey
 50871 | Depths:3 | XOM: cast spell 'Monstrous Menagerie'
 50876 | Depths:3 | XOM: enchant monster (good)
 50887 | Depths:3 | XOM: god gift: scroll of poison
 50909 | Depths:3 | XOM: fog
 50913 | Depths:3 | XOM: divine lightning
 50914 | Depths:3 | XOM: 7-stop teleportation journey
 51036 | Depths:3 | XOM: summons 6 friendly demons
 51044 | Depths:3 | Killed a caustic shrike
 51052 | Depths:3 | XOM: potion effect (berserk rage)
 51174 | Depths:3 | XOM: enchant monster (bad)
 51282 | Depths:3 | Learned a level 2 spell: Lesser Beckoning
 51332 | Depths:3 | Killed a caustic shrike
 51344 | Depths:3 | XOM: cleaving
 51347 | Depths:3 | XOM: summons 2 friendly demons
 51367 | Depths:3 | Reached skill level 8 in Ice Magic
 51426 | Depths:3 | XOM: summons 9 friendly demons
 51463 | Depths:3 | Killed a caustic shrike
 51464 | Depths:3 | Reached skill level 5 in Air Magic
 51819 | Depths:3 | Found a hide-covered altar of Uskayaw.
 52064 | Depths:4 | Entered Level 4 of the Depths
 52094 | Depths:4 | XOM: scenery: 1 doors open
 52153 | Depths:4 | XOM: potion effect (curing)
 52175 | Depths:4 | Reached skill level 6 in Air Magic
 52317 | Depths:4 | Reached skill level 9 in Ice Magic
 52370 | Depths:4 | Noticed a caustic shrike
 52372 | Depths:4 | Noticed a caustic shrike
 52374 | Depths:4 | Noticed a caustic shrike
 52374 | Depths:4 | Noticed a caustic shrike
 52378 | Depths:4 | Killed a caustic shrike
 52385 | Depths:4 | Killed a caustic shrike
 52395 | Depths:4 | Killed a caustic shrike
 52399 | Depths:4 | Killed a caustic shrike
 52445 | Depths:4 | Noticed a golden dragon
 52450 | Depths:4 | Found a broken altar of Ashenzari.
 52452 | Depths:4 | a golden dragon changed into an iron dragon
 52452 | Depths:4 | XOM: polymorph golden dragon -> iron dragon
 52460 | Depths:4 | XOM: summons 12 hostile demons
 52531 | Depths:4 | XOM: enchant monster (bad)
 52543 | Depths:4 | Reached skill level 7 in Air Magic
 52702 | Depths:4 | XOM: summons friendly iron imp
 52756 | Depths:4 | Reached XP level 23. HP: 129/129 MP: 25/34
 52783 | Depths:4 | Reached skill level 10 in Ice Magic
 52788 | Depths:4 | Found a gate to the Realm of Zot.
 52790 | Depths:4 | XOM: summons 2 friendly demons
 52794 | Depths:4 | XOM: cast spell 'Olgreb's Toxic Radiance'
 53130 | Depths:4 | Reached skill level 8 in Air Magic
 53154 | Depths:4 | XOM: summons 4 hostile shadow creatures
 53179 | Depths:4 | XOM: scenery: 1 doors close
 53527 | D:12     | XOM: silly message
 53564 | Orc:1    | Bought a potion of berserk rage for 70 gold pieces
 53564 | Orc:1    | Bought a scroll of summoning for 133 gold pieces
 53726 | Vaults:3 | XOM: silly message
 53808 | Vaults:4 | XOM: cloud trail
 53833 | Vaults:5 | Entered Level 5 of the Vaults
 53864 | Vaults:5 | XOM: enchant monster (good)
 53886 | Vaults:5 | XOM: divination: magic mapping
 53895 | Vaults:5 | XOM: cast spell 'Summon Ice Beast'
 53919 | Vaults:5 | XOM: cast spell 'Cause Fear'
 54014 | Vaults:5 | Noticed a dread lich
 54025 | Vaults:5 | XOM: cast spell 'Metabolic Englaciation'
 54030 | Vaults:5 | Killed a dread lich
 54031 | Vaults:5 | Reached skill level 11 in Ice Magic
 54031 | Vaults:5 | Reached skill level 9 in Air Magic
 54443 | Vaults:5 | XOM: god gift: wand of paralysis (5)
 54659 | Vaults:5 | XOM: divination: detect items
 54664 | Vaults:5 | XOM: confusion
 54681 | Vaults:5 | Reached skill level 10 in Air Magic
 54685 | Vaults:5 | Identified the +8 hand axe of Noon {freeze, rCorr Str+4
                  | Int-3}
 54702 | Vaults:5 | Identified the ring "Lezommye" {Drain rC+ Int+4 SInv
                  | Stlth+}
 54702 | Vaults:5 | Identified the +1 sling "EnegeticOcto's Doom" {speed,
                  | Dex+5}
 54732 | Vaults:5 | Reached skill level 12 in Ice Magic
 55119 | Vaults:5 | XOM: enchant monster (good)
 55180 | Vaults:5 | Noticed a dread lich
 55183 | Vaults:5 | Killed a dread lich
 55288 | Vaults:5 | Identified the +9 plate armour of Faned {Int+3}
 55294 | Vaults:5 | Identified the amulet of Cukeschiy {Faith Will+}
 55329 | Vaults:5 | Reached skill level 11 in Air Magic
 55410 | Vaults:5 | XOM: fog
 55417 | Vaults:5 | XOM: cloud trail
 55661 | Vaults:5 | XOM: confusion (+ monsters)
 55663 | Vaults:5 | Reached skill level 13 in Ice Magic
 55868 | Vaults:5 | Identified the +9 plate armour of the Constellations
                  | {Dex+2}
 56173 | Vaults:5 | Got a silver rune of Zot
 56506 | D:15     | XOM: cloud trail
 56675 | Zot:1    | Entered Level 1 of the Realm of Zot
 56676 | Zot:1    | Noticed a curse toe
 56690 | Zot:1    | Killed a curse toe
 56724 | Zot:1    | XOM: confusion (+ monsters)
 56730 | Zot:1    | Reached XP level 24. HP: 134/134 MP: 24/34
 56730 | Zot:1    | XOM: swap monsters
 56830 | Zot:1    | Reached skill level 12 in Air Magic
 57197 | Zot:2    | Identified the "Cyreus"
 57332 | Zot:3    | XOM: noise
 57338 | Zot:3    | Reached skill level 14 in Ice Magic
 57353 | Zot:3    | XOM: stat loss: -1 Str (8/9)
 57381 | Zot:4    | Noticed an orb of fire
 57382 | Zot:4    | Killed an orb of fire
 57386 | Zot:5    | Entered Level 5 of the Realm of Zot
 57398 | Zot:5    | XOM: stat loss: -1 Int (26/27)
 57464 | Zot:5    | XOM: enchant monster (good)
 57476 | Zot:5    | Reached skill level 13 in Air Magic
 58352 | Zot:5    | Noticed an orb of fire
 58352 | Zot:5    | Noticed an orb of fire
 58352 | Zot:5    | Noticed an ancient lich
 58352 | Zot:5    | Noticed a Killer Klown
 58352 | Zot:5    | Noticed a Killer Klown
 58352 | Zot:5    | XOM: 1-stop teleportation journey
 58355 | Zot:5    | Gained mutation: You sometimes lose your temper in combat.
                  | [an orb of fire]
 58357 | Zot:5    | Got the Orb of Zot
 58464 | Depths:4 | Noticed Dowiqu the pandemonium lord
 58483 | Depths:3 | Noticed Fenodam the pandemonium lord
 58487 | Depths:3 | Killed Fenodam the pandemonium lord
 58675 | D:11     | Gained mutation: You have hidden genetic defects. [a
                  | cacodemon]
 58905 | D:2      | Noticed Koefro the pandemonium lord
 58907 | D:2      | XOM: confusion
 58910 | D:2      | Killed Koefro the pandemonium lord
 58930 | D:$      | Escaped with the Orb!

Illustrated notes

Levels and vault maps discovered:
D:1:      nicolae_arrival_escape_room, layout_rooms, serial_shops, shop,
          chequers_ecumenical_altar_simple_redux, serial_co_window_serial,
          co_window_of_opportunity_a, co_window_paths_b, co_window_corner_a,
          co_window_paths_a, co_window_corner_a, co_window_paths_a,
          co_window_paths_a, co_window_corner_cb, co_window_broadway_b,
          co_window_corner_b, co_window_corner_b, glass_columns_a,
          glass_columns_b, chequers_decorated_corner
D:2:      layout_loops_ring, lightli_corner_chamber
D:3:      layout_basic, mainiacjoe_overflow_surrounded_room
D:4:      layout_loops_ring, grunt_ministairs_5, minmay_fractal_squares_5,
          uniq_menkaure, uniq_ijyb, uniq_robin
D:5:      minmay_diamond_boxcup, layout_loops_ring, minmay_temple_entry_waves,
          serial_aquarium, aquarium_bridge_square [aquarium_subvault_wall,
          aquarium_subvault_bridge, aquarium_subvault_window,
          aquarium_subvault_bridge], aquarium_window_fake, aquarium_window_fake,
          aquarium_window_corridor_2, aquarium_view_2d, aquarium_pool_side,
          moated_statue, uniq_pikel
D:6:      layout_cave_pods, mainiacjoe_overflow_catwalk, uniq_prince_ribbit1,
          uniq_duvessa
D:7:      layout_loops_ring, uniq_joseph
D:8:      layout_rooms, kennysheep_mini_moat, minmay_lindwurm_lava
D:9:      layout_grid_maze, dpeg_lair_monsters, ebering_ghost_funeral_grove
D:10:     layout_layer_cave
D:11:     layout_rooms
D:12:     layout_cave_pods, orc_0_dummy, special_room [special_room_bee],
          uniq_sonja
D:13:     minmay_roctagon, layout_loops_ring, hellmonk_vaults_order_and_chaos
D:14:     layout_gridville, hangedman_decor_diamond_cutter, uniq_rupert
D:15:     hellmonk_depths_entry_around_the_bend, layout_basic
Lair:1:   layout_long_grid, serial_forest, infiniplex_forest_clump_small,
          infiniplex_forest_clump_medium, infiniplex_forest_lined_2,
          infiniplex_forest_straight_2, infiniplex_forest_lined_room_2,
          infiniplex_forest_lined_2, infiniplex_forest_clump_diagonal,
          infiniplex_forest_fountain, portal_ice_cave_entry_pillars_1,
          nzn_sisyphean_effort
Lair:2:   layout_cave_pods, chequers_serial_rivers_small_a,
          beast_lair_carwin_10, serial_bayou_shore_b, grunt_megastairs_3,
          uniq_erica
Lair:3:   layout_concentric_octagons, mainiacjoe_shoals_entry_four_pools,
          guppyfry_snake_entry_island, lemuel_fruit_fields
Lair:4:   layout_cave_shapes, nicolae_slime_entry_field_trip,
          beast_lair_carwin_4, grunt_megastairs_5
Lair:5:   wormcave, layout_big_grid, pond, lemuel_fruit_tree,
          infiniplex_staircase_pool
Shoals:1: layout_shoals, abandoned_shop, nicolae_shoals_lost_giant_hut
Shoals:2: layout_shoals, serial_shops, nicolae_shop_tiny_waterfront
Shoals:3: layout_shoals, uniq_bai_suzhen
Shoals:4: shoals_end_grunt_ice, layout_shoals, yaktaur_hedge, uniq_polyphemus,
          uniq_louise
Snake:1:  gammafunk_its_a_trap, layout_rooms, serial_shops, shop,
          nicolae_snake_naga_rites, minmay_shoptagon
Snake:2:  nicolae_sea_snake_s, layout_basic, serial_shops,
          nicolae_shop_peninsula, st_stairs_4, uniq_donald
Snake:3:  layout_onion_interference
Snake:4:  snake_pit, layout_chambers, uniq_nikola, uniq_asterion
Orc:1:    layout_caves, dreamdust_deal_with_the_devil, guppyfry_orc_lava_fort
Orc:2:    st_orc_mages, layout_caves, serial_shops, bzr_entry_water
Elf:1:    layout_loops_corners, portal_desolation_entry_nicolae_slug,
          evilmike_minifort, uniq_roxanne
Elf:2:    nicolae_elf_blades_crystal_corner, layout_onion_city,
          minmay_shop_grove
Elf:3:    minmay_elf_hall_four_x, layout_gridlike, serial_shops,
          nicolae_shop_temple_entry_statues_fountains, hex_large, minivault_27,
          pf_eden, uniq_zenata, uniq_saint_roka, uniq_mara
Vaults:1: hangedman_vaults_trim, nicolae_vaults_trapezoid_4,
          nicolae_vaults_puzzle_piece, v_misc_26,
          nicolae_vaults_offset_grid_hallway_4, nicolae_vaults_diamond_2,
          grunt_vaults_twisty, nicolae_vaults_tetromino_L_1,
          vaults_standard_mumra_lines, v_pattern_2, v_misc_19,
          nicolae_vaults_tetromino_L_2, layout_vaults_omnicross
Vaults:2: nicolae_vaults_asterisk, ontoclasm_vaults_fault,
          nicolae_vaults_alarming, nicolae_vaults_theta, nicolae_vaults_meiosis,
          nicolae_vaults_storage_closets_1, nicolae_vaults_trapezoid_lopsided_1,
          hangedman_vaults_slice, ontoclasm_vaults_ring_square,
          vaults_room_octagon, v_misc_17, v_alt_pattern_5,
          nicolae_vaults_twisting_passages, ontoclasm_vaults_twist,
          layout_vaults_ring
Vaults:3: nicolae_vaults_mini_display_case, nicolae_vaults_circle_grid_b,
          v_alt_pattern_2, v_misc_4, vaults_standard_mumra_enter_the_diamond,
          minmay_crypt_entry_simple_round, nicolae_vaults_security_offices_2,
          ontoclasm_vaults_decontamination, nicolae_vaults_house_2, v_misc_24,
          vaults_room_corners, nicolae_vaults_tetromino_Z_1,
          nicolae_vaults_apartment_1, layout_vaults_chaotic_city, serial_shops,
          nicolae_shop_just_a_little_nook, shop, shop
Vaults:4: vaults_room_grid, vaults_room_grid, st_cross,
          nicolae_vaults_closet_pinwheel_5, hangedman_vaults_maws,
          nicolae_vaults_theta, nicolae_vaults_shelves_hall,
          vaults_mumra_minichess_inversion, nicolae_vaults_trapezoid_2,
          nicolae_vaults_angled_halls, layout_vaults_quadrants, serial_shops,
          nicolae_shop_tiny_statue_garden
Vaults:5
Depths:1: layout_cave_pools, enter_ziggurat_c, hell_entry,
          nzn_hepliaklqana_mist_gate, dk_noncrumbling_2,
          nicolae_transporter_intersection, serial_bayou_shore_b
Depths:2: minmay_thinvault, layout_gridlike, grunt_hell_entry_demonic_statue,
          abyss_entry, hangedman_abyss_or_decor_lesser_grid,
          rand_demon_pan_entry_1, st_stairs_4, lemuel_angel_altar, uniq_grunn
Depths:3: tekkud_shrikecote, layout_basic, hell_entry, nrook_uturn, abyss_entry,
          nicolae_uskayaw_en_pointe
Depths:4: evilmike_zot_entry_round, layout_gridlike, hell_entry,
          ashenzari_conservatory_becter, chequers_serial_rivers_large_b
Zot:1:    lemuel_firehouse, layout_concentric_octagons,
          regret_index_zotdec_gossamer_parallel
Zot:2:    layout_concentric_octagons
Zot:3:    layout_misc_corridors
Zot:4:    cheibrodos_zot_enchanting_chambers, layout_misc_corridors,
          regret_index_zotdec_barnacled_alternative, hangedman_hellfire_club,
          lemuel_elevator
Zot:5:    layout_misc_corridors, ebering_ghost_reflecting_pool

Skill      XL: |  1  2  3  4  5  6  7  8  9 10 11 12 13 14 15 16 17 18 19 20 21 22 23 24 |
---------------+-------------------------------------------------------------------------+-----
Stealth        | 2 3 5 8 10 14 | 14.9
Unarmed Combat | 4 5 6 8 9 11 12 14 | 14.9
Dodging        | 5 6 7 8 10 13 14 | 14.9
Fighting       | 4 5 7 9 10 11 13 14 | 14.9
Evocations     | 3 4 6 8 14 | 14.9
Translocations | 4 8 11 14 | 14.9
Shapeshifting  | 8 14 | 14.9
Spellcasting   | 4 8 10 12 14 | 14.9
Ice Magic      | 1 6 7 9 13 14 | 14.8
Transmutations | 9 14 | 14.9
Conjurations   | 5 8 12 14 | 14.9
Air Magic      | 3 4 7 11 13 | 13.5

Action                     |  1- 3 |  4- 6 |  7- 9 | 10-12 | 13-15 | 16-18 | 19-21 | 22-24 || total
---------------------------+-------+-------+-------+-------+-------+-------+-------+-------++-------
  Melee: Unarmed           |    95 |   174 |   291 |   587 |  1341 |  1350 |  1368 |  1373 ||  6579
         Punch             |     4 |     3 |    18 |    79 |   132 |   148 |   173 |   195 ||   752
         Bite              |     6 |    15 |    39 |    93 |   212 |   164 |   235 |   275 ||  1039
   Cast: Manifold Assault  |       |       |       |     5 |       |   106 |   131 |    90 ||   332
         Blink             |       |       |       |     3 |       |    14 |     2 |       ||    19
         Vhi's Electric Ch |       |       |       |       |       |       |    82 |    58 ||   140
         Irradiate         |       |       |       |       |       |       |    23 |    58 ||    81
         Ozocubu's Armour  |       |       |       |       |       |       |     1 |     8 ||     9
         Wereblood         |       |       |       |       |       |       |       |     6 ||     6
         Lesser Beckoning  |       |       |       |       |       |       |       |     4 ||     4
         Apportation       |       |       |       |       |       |       |       |     2 ||     2
  Evoke: Wand              |       |     3 |    13 |    19 |     8 |     8 |       |    24 ||    75
         Sack of spiders   |       |       |     1 |     1 |     4 |     5 |     1 |     1 ||    13
         Lightning rod     |       |       |       |     4 |       |       |     4 |       ||     8
         Tin of tremorston |       |       |       |       |       |     8 |     5 |     1 ||    14
         Phantom mirror    |       |       |       |       |       |     2 |       |       ||     2
         Phial of floods   |       |       |       |       |       |     1 |     1 |       ||     2
    Use: Scroll            |     7 |     3 |     3 |    11 |     4 |     4 |     8 |    11 ||    51
         Potion            |       |     3 |       |     1 |       |     5 |     2 |    11 ||    22
   Stab: Sleeping          |    11 |     4 |     2 |    17 |    45 |    27 |    46 |    15 ||   167
         Paralysed         |       |       |     6 |     2 |       |     2 |       |     8 ||    18
         Distracted        |       |       |     1 |     2 |     9 |    10 |     2 |     3 ||    27
         Confused          |       |       |     3 |       |     2 |     4 |     5 |     1 ||    15
         Invisible         |       |       |       |       |    37 |     2 |       |     6 ||    45
         Held in net/web   |       |       |       |       |       |     2 |       |       ||     2
         Petrifying        |       |       |       |       |       |       |     2 |     3 ||     5
         Petrified         |       |       |       |       |       |       |     1 |       ||     1
         Fleeing           |       |       |       |       |       |       |       |     1 ||     1
 Armour: Skin              |    28 |    53 |    50 |   127 |   357 |   851 |   711 |   853 ||  3030
  Dodge: Dodged            |    52 |    99 |   218 |   532 |  1870 |  2553 |  2236 |  2391 ||  9951
  Block: Other             |       |       |       |       |       |   206 |       |       ||   206
   Form: Statue            |       |       |       |       |     1 |       |       |       ||     1

Table legend: (Time is in decaauts)
 A = Elapsed time spent in this place.
 B = Non-inter-level travel time spent in this place.
 C = Inter-level travel time spent in this place.
 D = Time resting spent in this place.
 E = Time spent auto-exploring this place.
 F = Levels seen in this place.
 G = Mean time per level.
                   A        B        C        D        E       F      G
               +--------+--------+--------+--------+--------+-----+--------+
         Total |  71862 |  65159 |   6703 |  10808 |  36894 |  48 | 1497.1 |
       Dungeon |  17980 |  15005 |   2975 |   2081 |   9018 |  15 | 1198.7 |
          Lair |   8647 |   7752 |    895 |   1745 |   3749 |   5 | 1729.4 |
        Shoals |   5944 |   5688 |    256 |    396 |   3457 |   4 | 1486.0 |
     Snake Pit |   5793 |   5511 |    282 |    428 |   3393 |   4 | 1448.2 |
  Orcish Mines |   1614 |   1317 |    297 |      0 |    858 |   2 |  807.0 |
   Elven Halls |   9150 |   8777 |    373 |   2887 |   3835 |   3 | 3050.0 |
        Vaults |  11366 |  10343 |   1023 |   1087 |   6759 |   5 | 2273.2 |
        Depths |   8754 |   8270 |    484 |   1037 |   5132 |   4 | 2188.5 |
           Zot |   2498 |   2383 |    115 |   1144 |    619 |   5 |  499.6 |
        Bazaar |    112 |    112 |      0 |      0 |     69 |   1 |  112.0 |
               +--------+--------+--------+--------+--------+-----+--------+

Top non-repeatable levels by time:
   Elf:3: 4002 daAuts
Vaults:5: 3513 daAuts
   Elf:1: 3169 daAuts
  Lair:1: 2747 daAuts
Depths:2: 2445 daAuts
 Snake:4: 2389 daAuts
Depths:1: 2326 daAuts
Vaults:3: 2251 daAuts
Vaults:4: 2134 daAuts
    D:15: 2063 daAuts
Depths:4: 2048 daAuts
   Elf:2: 1977 daAuts
Depths:3: 1933 daAuts
Shoals:4: 1860 daAuts
Vaults:1: 1783 daAuts

Table legend:
 A = Kills in this place as a percentage of kills in the entire game.
 B = Kills by you in this place as a percentage of kills by you in the entire game.
 C = Kills by friends in this place as a percentage of kills by friends in the entire game.
 D = Other kills in this place as a percentage of other kills in the entire game.
 E = Experience gained in this place as a percentage of experience gained in the entire game.
 F = Experience gained in this place divided by the number of levels of this place that you have seen.
                   A       B       C       D       E      F
               +-------+-------+-------+-------+-------+----------------------
         Total | 100.0 | 100.0 | 100.0 | 100.0 | 100.0 | 22276.6
       Dungeon |  22.2 |  22.0 |  30.8 |  19.0 |   7.3 | 5235.1
          Lair |   9.9 |   9.7 |  18.5 |   0.0 |   5.3 | 11240.4
        Shoals |   8.8 |   8.8 |  10.8 |   0.0 |   8.3 | 22309.5
     Snake Pit |   9.3 |   9.3 |   9.2 |   4.8 |   9.9 | 26462.8
  Orcish Mines |   5.5 |   5.2 |  15.4 |   0.0 |   1.2 | 6584.0
   Elven Halls |  12.1 |  12.5 |   3.1 |   9.5 |  15.1 | 53783.0
        Vaults |  16.6 |  16.9 |   4.6 |  23.8 |  24.9 | 53277.0
        Depths |  12.6 |  12.5 |   6.2 |  38.1 |  21.0 | 56114.5
           Zot |   3.1 |   3.2 |   1.5 |   4.8 |   6.9 | 14820.0
               +-------+-------+-------+-------+-------+----------------------
